 Dungeon Crawl Stone Soup version 0.27-a0-1196-g3e9cee4cb2 (webtiles) character file.

Game seed: 15680315220972129832

14378975 melvinkitnick the Gnoll Porcupine (level 27, 204/204 HPs)
             Began as a Gnoll Earth Elementalist on May 22, 2021.
             Was the Champion of Cheibriados.
             Escaped with the Orb
             ... and 15 runes on May 28, 2021!
             The game lasted 09:33:19 (111596 turns).

melvinkitnick the Gnoll Porcupine (GnEE)          Turns: 111596, Time: 09:33:20

Health: 204/204    AC: 24    Str: 24    XL:     27
Magic:  54/54      EV: 40    Int: 71    God:    Cheibriados [******]
Gold:   7567       SH: 40    Dex: 28    Spells: 1/80 levels left

rFire    + + +     SeeInvis +   b - +9 rapier of Risk Management {pain, *Slow +Blink Str+3 Int+7}
rCold    . . .     Faith    .   w - +8 tower shield {rN+}
rNeg     + + +     Spirit   .   G - +4 troll leather armour
rPois    +         Reflect  .   (helmet restricted)
rElec    +         Harm     .   B - +2 cloak {Will+}
rCorr    +         Rampage  .   u - +5 pair of gloves of Atheism {rF++ Will+ Dex-2 Slay+3}
Will     ++++.                  T - +0 pair of boots "Ujug Xurr" {*Slow Fly Int+7}
Stlth    ++++......             Y - amulet "Miwune" {RegenMP rN++ rCorr Int+4 Dex-3}
HPRegen  1.44/turn              i - ring "Ehoowuos" {rElec rF+ Str-5 Int+8 SInv}
MPRegen  0.59/turn              H - ring of the Middle {rPois Str+3 Int+4 Dex+6}

@: flying, studying 6 skills, very slow
A: fangs 1, strong nose, distributed training, claws 1, horns 2, large bone
plates 1, clumsy 1, deformed body, sense surroundings 1, wild magic 1
0: Orb of Zot
}: 15/15 runes: serpentine, barnacled, slimy, silver, golden, iron, obsidian,
icy, bone, abyssal, demonic, glowing, magical, fiery, dark
a: Renounce Religion, Evoke Blink, Bend Time, Temporal Distortion, Slouch, Step
From Time


You escaped.
You worshipped Cheibriados.
Cheibriados was exalted by your worship.
You visited 18 branches of the dungeon, and saw 90 of its levels.
You visited Pandemonium 1 time, and saw 18 of its levels.
You visited the Abyss 2 times.
You visited 2 bazaars.
You completed 1 ziggurat, and saw 27 of its levels.
You also visited: Trove, Sewer, Bailey and Ice Cave.

You collected 20800 gold pieces.
You spent 13233 gold pieces at shops.

Inventory:

Hand Weapons
 a - the +4 staff of Dispater
   (You took it off Dispater on level 7 of the Iron City of Dis)
 b - the +9 rapier of Risk Management (weapon) {pain, *Slow +Blink Str+3 Int+7}
   (You bought it in a shop on level 2 of the Elven Halls)

   In the hands of one skilled in necromantic magic, it inflicts extra damage on
   living creatures.
   It affects your strength (+3).
   It affects your intelligence (+7).
   It lets you blink.
   It may slow you when you take damage.
 e - the +8 autumn katana {vorpal, Clar}
   (You found it on level 13 of a ziggurat)

   It inflicts extra damage upon your enemies.
   It protects you against confusion.
 n - the +8 falchion of Urgency {vorpal, rF- rC+++ Str+6}
   (You found it on level 6 of the Lair of Beasts)

   It inflicts extra damage upon your enemies.
   It affects your strength (+6).
   It makes you vulnerable to fire.
   It renders you almost immune to cold.
 D - the +6 short sword "Neosiluc" {drain, rElec rF+}
   (You found it on level 7 of a ziggurat)

   A truly terrible weapon, it drains the life of those it strikes.
   It protects you from fire.
   It insulates you from electricity.
 X - a +9 eudemon blade of holy wrath
Missiles
 j - 55 silver javelins (quivered)
 k - 29 javelins
 A - 20 throwing nets
Armour
 u - the +5 pair of gloves of Atheism (worn) {rF++ Will+ Dex-2 Slay+3}
   (You acquired it on level 3 of the Depths)

   It affects your dexterity (-2).
   It affects your accuracy and damage with ranged weapons and melee attacks
   (+3).
   It greatly protects you from fire.
   It increases your willpower.
 w - a +8 tower shield of positive energy (worn)
 y - a +2 robe of the Archmagi
 B - a +2 cloak of willpower (worn)
 G - a +4 troll leather armour (worn)
 J - a +2 helmet of intelligence
 T - the +0 pair of boots "Ujug Xurr" (worn) {*Slow Fly Int+7}
   (You acquired it on level 3 of the Depths)

   It affects your intelligence (+7).
   It grants you flight.
   It may slow you when you take damage.
Jewellery
 i - a ring "Ehoowuos" (left hand) {rElec rF+ Str-5 Int+8 SInv}
   (You found it on level 26 of a ziggurat)

   [ring of protection from fire]

   It affects your strength (-5).
   It affects your intelligence (+8).
   It protects you from fire.
   It insulates you from electricity.
   It lets you see invisible.
 p - the ring of the Mage {Wiz Will++ Int+3}
   (You found it on level 20 of a ziggurat)

   [ring of wizardry]

   It improves your spell success rate.
   It affects your intelligence (+3).
   It greatly increases your willpower.
 x - the ring "Wanethrur" {Str+4 Int+4 Slay-5 SInv Stlth+}
   (You found it on level 12 of a ziggurat)

   [ring of see invisible]

   It affects your strength (+4).
   It affects your intelligence (+4).
   It affects your accuracy and damage with ranged weapons and melee attacks
   (-5).
   It lets you see invisible.
   It makes you more stealthy.
 E - the ring of Shadows {Umbra +Inv Stlth+}
   (You found it on level 8 of the Dungeon)

   [ring of stealth]

   It lets you turn invisible.
   It makes you more stealthy.
 H - the ring of the Middle (right hand) {rPois Str+3 Int+4 Dex+6}
   (You acquired it on level 9 of the Dungeon)

   [ring of dexterity]

   It affects your strength (+3).
   It affects your intelligence (+4).
   It affects your dexterity (+6).
   It protects you from poison.
 S - a ring of the Present {rF+ Str+3 Int+5}
   (You found it on level 3 of the Tomb of the Ancients)

   [ring of protection from fire]

   It affects your strength (+3).
   It affects your intelligence (+5).
   It protects you from fire.
 Y - the amulet "Miwune" (around neck) {RegenMP rN++ rCorr Int+4 Dex-3}
   (You bought it in a shop on level 1 of the Elven Halls)

   [amulet of magic regeneration]

   It increases your rate of magic regeneration.
   It affects your intelligence (+4).
   It affects your dexterity (-3).
   It greatly protects you from negative energy.
   It protects you from acid and corrosion.
Wands
 t - a wand of polymorph (50)
 M - a wand of digging (35)
 P - a wand of iceblast (54)
 V - a wand of acid (51)
Scrolls
 f - 56 scrolls of teleportation
 o - 9 scrolls of holy word
 q - 31 scrolls of fog
 z - 8 scrolls of fear
 F - 14 scrolls of magic mapping
 L - 10 scrolls of amnesia
 N - 3 scrolls of summoning
 O - 4 scrolls of silence
Potions
 c - 6 potions of cancellation
 d - 26 potions of mutation
 g - 6 potions of magic
 h - 11 potions of lignification
 l - 3 potions of invisibility
 r - 49 potions of curing
 s - 5 potions of brilliance
 v - 7 potions of heal wounds
 Q - 2 potions of ambrosia
 W - 2 potions of resistance
Miscellaneous
 m - a phial of floods
 C - a condenser vane
 I - 2 +1 figurines of a ziggurat
 K - a lightning rod (4/4)
 R - a tin of tremorstones (2/2)
 U - a phantom mirror
 Z - a box of beasts


   Skills:
 O Level 27 Fighting
 O Level 27 Short Blades
 O Level 27 Long Blades
 O Level 27 Axes
 O Level 27 Maces & Flails
 O Level 27 Polearms
 O Level 27 Staves
 O Level 27 Slings
 O Level 27 Bows
 O Level 27 Crossbows
 O Level 27 Throwing
 O Level 27 Armour
 O Level 27 Dodging
 O Level 27 Stealth
 O Level 27 Shields
 O Level 27 Unarmed Combat
 O Level 27 Spellcasting
 + Level 25.1 Conjurations
 + Level 25.1 Hexes
 O Level 27 Summonings
 + Level 25.1 Necromancy
 + Level 25.1 Translocations
 + Level 25.2 Transmutations
 + Level 25.1 Fire Magic
 + Level 25.1 Ice Magic
 + Level 25.1 Air Magic
 + Level 25.5 Earth Magic
 + Level 25.1 Poison Magic
 O Level 27 Invocations
 O Level 27 Evocations


You had one spell level left.
You knew the following spells:

 Your Spells              Type           Power      Damage    Failure   Level
a - Apportation           Tloc           100%       N/A       1%          1
b - Disjunction           Tloc           91%        N/A       1%          8
c - Shatter               Erth           92%        3d66*     1%          9
e - Sublimation of Blood  Necr           91%        N/A       1%          2
f - Ozocubu's Refrigerat  Ice            91%        4d23      1%          7
h - Ignition              Fire           91%        3d23      1%          8
i - Passwall              Tmut/Erth      100%       N/A       1%          2
j - Death's Door          Necr           91%        N/A       1%          9
k - Borgnjor's Revivific  Necr           91%        N/A       1%          8
n - Necromutation         Tmut/Necr      91%        N/A       1%          8
u - Blink                 Tloc           N/A        N/A       1%          2
v - Absolute Zero         Ice            91%        ∞         1%          9
y - Invisibility          Hex            100%       N/A       1%          6

Your spell library contained the following spells:

 Spells                   Type           Power      Damage    Failure   Level
 Animate Skeleton         Necr           100%       N/A       1%          1
 Beastly Appendage        Tmut           100%       N/A       1%          1
 Corona                   Hex            100%       N/A       1%          1
 Foxfire                  Conj/Fire      100%       2x1d9     1%          1
 Freeze                   Ice            100%       1d11      1%          1
 Magic Dart               Conj           100%       1d8       1%          1
 Pain                     Necr           100%       1d9       1%          1
 Sandblast                Erth           100%       2d20      1%          1
 Shock                    Conj/Air       100%       1d9       1%          1
 Sting                    Tmut/Pois      100%       1d8       1%          1
 Summon Small Mammal      Summ           100%       N/A       1%          1
 Call Imp                 Summ           100%       N/A       1%          2
 Corpse Rot               Necr/Air       N/A        N/A       1%          2
 Ensorcelled Hibernation  Hex/Ice        100%       N/A       1%          2
 Poisonous Vapours        Pois/Air       100%       N/A       1%          2
 Searing Ray              Conj           100%       3d7       1%          2
 Slow                     Hex            100%       N/A       1%          2
 Static Discharge         Conj/Air       100%       N/A       1%          2
 Wereblood                Tmut           100%       N/A       1%          2
 Call Canine Familiar     Summ           100%       N/A       1%          3
 Confusing Touch          Hex            100%       N/A       1%          3
 Conjure Flame            Conj/Fire      100%       6-21      1%          3
 Dazzling Flash           Conj/Hex       100%       N/A       1%          3
 Frozen Ramparts          Ice            100%       1d12      1%          3
 Gell's Gravitas          Tloc           91%        N/A       1%          3
 Ignite Poison            Fire/Tmut/Pois 100%       N/A       1%          3
 Inner Flame              Hex/Fire       100%       N/A       1%          3
 Lesser Beckoning         Tloc           91%        N/A       1%          3
 Mephitic Cloud           Conj/Pois/Air  100%       N/A       1%          3
 Ozocubu's Armour         Ice            100%       N/A       1%          3
 Portal Projectile        Hex/Tloc       100%       N/A       1%          3
 Spider Form              Tmut/Pois      91%        N/A       1%          3
 Stone Arrow              Conj/Erth      100%       3d13      1%          3
 Summon Guardian Golem    Hex/Summ       100%       N/A       1%          3
 Swiftness                Air            100%       N/A       1%          3
 Teleport Other           Tloc           100%       N/A       1%          3
 Tukima's Dance           Hex            100%       N/A       1%          3
 Vampiric Draining        Necr           91%        2d19      1%          3
 Airstrike                Air            91%        N/A       1%          4
 Animate Armour           Summ/Erth      100%       N/A       1%          4
 Animate Dead             Necr           91%        N/A       1%          4
 Cause Fear               Hex            91%        N/A       1%          4
 Dispel Undead            Necr           100%       3d31      1%          4
 Fulminant Prism          Conj/Hex       91%        3d37      1%          4
 Hailstorm                Conj/Ice       100%       3d20      1%          4
 Ice Form                 Ice/Tmut       100%       N/A       1%          4
 Iskenderun's Mystic Bla  Conj/Tloc      100%       2d19      1%          4
 Leda's Liquefaction      Hex/Erth       92%        N/A       1%          4
 Passage of Golubria      Tloc           N/A        N/A       1%          4
 Petrify                  Tmut/Erth      100%       N/A       1%          4
 Sticky Flame             Conj/Fire      100%       2d11      1%          4
 Summon Ice Beast         Ice/Summ       100%       N/A       1%          4
 Summon Lightning Spire   Summ/Air       100%       N/A       1%          4
 Agony                    Necr           100%       N/A       1%          5
 Alistair's Intoxication  Tmut/Pois      100%       N/A       1%          5
 Bolt of Magma            Conj/Fire/Erth 92%        4d34      1%          5
 Borgnjor's Vile Clutch   Necr/Erth      92%        N/A       1%          5
 Excruciating Wounds      Necr           91%        N/A       1%          5
 Fireball                 Conj/Fire      91%        3d33      1%          5
 Hydra Form               Tmut           91%        N/A       1%          5
 Irradiate                Conj/Tmut      91%        3d44      1%          5
 Iskenderun's Battlesphe  Conj           100%       2d15      1%          5
 Lee's Rapid Deconstruct  Erth           92%        3d41*     1%          5
 Lightning Bolt           Conj/Air       91%        1d120     1%          5
 Manifold Assault         Tloc           100%       N/A       1%          5
 Metabolic Englaciation   Hex/Ice        91%        N/A       1%          5
 Silence                  Hex/Air        91%        N/A       1%          5
 Summon Forest            Summ/Tloc      92%        N/A       1%          5
 Summon Mana Viper        Hex/Summ       100%       N/A       1%          5
 Yara's Violent Unravell  Hex/Tmut       91%        3d33      1%          5
 Blade Hands              Tmut           91%        N/A       1%          6
 Conjure Ball Lightning   Conj/Air       91%        3x3d35    1%          6
 Death Channel            Necr           91%        N/A       1%          6
 Dispersal                Tloc           91%        N/A       1%          6
 Eringya's Noxious Bog    Tmut/Pois      91%        N/A       1%          6
 Freezing Cloud           Conj/Ice/Air   91%        6-21      1%          6
 Iron Shot                Conj/Erth      92%        9d17      1%          6
 Shadow Creatures         Summ           N/A        N/A       1%          6
 Simulacrum               Ice/Necr       91%        N/A       1%          6
 Starburst                Conj/Fire      91%        8x6d23    1%          6
 Statue Form              Tmut/Erth      100%       N/A       1%          6
 Dragon Form              Tmut           91%        N/A       1%          7
 Haunt                    Necr/Summ      92%        N/A       1%          7
 Malign Gateway           Summ/Tloc      92%        N/A       1%          7
 Monstrous Menagerie      Summ           93%        N/A       1%          7
 Orb of Destruction       Conj           91%        9d21      1%          7
 Spellforged Servitor     Conj/Summ      92%        N/A       1%          7
 Summon Hydra             Summ           93%        N/A       1%          7
 Chain Lightning          Conj/Air       91%        N/A       1%          8
 Discord                  Hex            91%        N/A       1%          8
 Infestation              Necr           91%        N/A       1%          8
 Lehudib's Crystal Spear  Conj/Erth      92%        10d20     1%          8
 Summon Horrible Things   Summ           93%        N/A       1%          8
 Dragon's Call            Summ           93%        N/A       1%          9
 Fire Storm               Conj/Fire      91%        8d23      1%          9
 Tornado                  Air            91%        N/A       1%          9


Dungeon Overview and Level Annotations

Branches:
Dungeon (15/15)            Temple (1/1) D:6            Lair (6/6) D:9
 Shoals (4/4) Lair:4        Snake (4/4) Lair:4        Slime (5/5) Lair:5
    Orc (2/2) D:11            Elf (3/3) Orc:2        Vaults (5/5) D:14
  Crypt (3/3) Vaults:3       Tomb (3/3) Crypt:3      Depths (5/5) D:15
   Hell (visited)             Dis (7/7) Hell            Geh (7/7) Hell
    Coc (7/7) Hell            Tar (7/7) Hell            Zot (5/5) Depths:5
  Sewer (visited)          Bailey (visited)           IceCv (visited)

Altars:
Ashenzari
Cheibriados
Dithmenos
Elyvilon
Fedhas
Gozag
Hepliaklqana
Kikubaaqudgha
Makhleb
Nemelex Xobeh
Okawaru
Qazlal
Ru
Sif Muna
Trog
Uskayaw
Vehumet
Wu Jian
Xom
Yredelemnul
Zin
The Shining One
Beogh
Jiyva

Shops:
D:7 (   Orc:2 [*:(   Elf:1 [*??*=::   Elf:2 *   Shoals:3 *   Vaults:2 [*((=
Depths:2 (   Depths:3 ??=*

Portals:
Hell: Depths:1 Depths:2 Depths:3 Depths:4 Depths:5
Abyss: Snake:3 Depths:1 Depths:4
Pandemonium: Depths:3

Annotations:
Coc:1 exclusion: 2 zombies


Innate Abilities, Weirdness & Mutations

You have very sharp teeth.
Your uncanny sense of smell can sniff out nearby items.
Your experience applies equally to all skills.
You have sharp fingernails.
You have a pair of horns on your head.
You are partially covered in large bone plates. (SH +4)
You are clumsy. (Dex -2)
Armour fits poorly on your strangely shaped body.
You passively map a small area around you.
Your spells are a little harder to cast, but a little more powerful.


Message History

Magic restored.
You continue meditating on the rock. x2
You finish merging with the rock.
An Orb Guardian comes into view.
Casting: Passwall (safe; 1% risk of failure)
Confirm with . or Enter, or press ? or * to list all spells.
Casting: Absolute Zero (mildly dangerous; 1% risk of failure)
Press: ? - help, Dir - look around, f - activate You chill the Orb Guardian to absolute zero!
The Orb Guardian is frozen into a solid block of ice!
You kill the Orb Guardian!
Cheibriados thoroughly appreciates the change of pace.
You see here a +0 dagger.
There is a shaft here.
There is a stone staircase leading up here.
You fly upwards.
There is a stone staircase leading down here.
You can't go up here!
You fly downwards.
The Orb Guardian shaped block of ice melts away.
There is a stone staircase leading up here.
A hell beast comes into view.
There is a stone staircase leading up here.
You fly upwards.
There is a stone staircase leading down here.
There is a stone staircase leading up here.
You fly upwards.
There is a stone staircase leading down here.
Casting: Absolute Zero (mildly dangerous; 1% risk of failure)
Confirm with . or Enter, or press ? or * to list all spells.
Aiming: Passwall (safe; 1% risk of failure)
Press: ? - help, Dir - move target A rock wall.
This square is covered in magical glow.
You begin to meditate on the wall.
You continue meditating on the rock. x3
Magic restored.
You continue meditating on the rock. x5
You finish merging with the rock.
There is a staircase leading out of the dungeon here.
You have escaped!

## #....# #.#
.#######....#############.#
.##.......................#
.........##.........##.####
.........##.≈≈≈≈≈≈≈.##.##
.#.......##.≈.....≈.##..#
.#.......##.≈...........#
.#.#'######.≈..≈≈≈≈≈≈≈..#
.#.#.# #.≈..≈@....≈..#
.#.#.# #.≈.....≈..≈..#
.#.#.# #.≈≈≈≈≈≈≈..≈..#
##.#.# #..........≈..##
#.#)### ####.≈.....≈...#
#.#.#.# #.≈≈≈≈≈≈≈.#.#
##.#.#.# #.........#.#
...#.#.# ######.#..#.#
.......# #...##.##


There were no monsters in sight!

Vanquished Creatures
  Cerebov (Pan)
  Antaeus (Coc:7)
  Asmodeus (Geh:7)
  9 pandemonium lords
  the Royal Jelly (Slime:5)
  Ereshkigal (Tar:7)
  Gloorx Vloq (Pan)
  Mnoleg (Pan)
  the Serpent of Hell (Geh:7)
  A seraph (Pan)
  Lom Lobon (Pan)
  11 dread liches
  Mennas (Depths:5)
  Dispater (Dis:7)
  7 ancient liches
  7 orbs of fire (Zot:5)
  Mara (Vaults:3)
  10 juggernauts
  60 royal mummies
  Boris (Tomb:3)
  12 shard shrikes
  8 Killer Klowns
  Saint Roka (Orc:2)
  Xtahua (Vaults:3)
  Margery (Depths:5)
  A caustic shrike (Zig:10)
  13 golden dragons
  2 curse toes
  Nikola (Shoals:1)
  Jory (Crypt:2)
  A pearl dragon (Pan)
  Geryon (Hell)
  6 bone dragons
  The ghost of Noycuaf the Stormcaller, a veteran TeCj of Gozag (Depths:3)
  19 Tzitzimimeh
  8 iron giants (Dis:7)
  19 Brimstone Fiends
  3 doom hounds
  The ghost of Qeeliam the Brawler, an adept TrBe of Trog (Snake:3)
  9 electric golems
  A hellephant (Zig:10)
  6 Ice Fiends (Coc:7)
  28 Orb Guardians
  12 liches
  17 tentacled monstrosities
  21 Hell Sentinels
  13 deep elf blademasters
  12 titans
  A quicksilver dragon (shapeshifter) (Zig:13)
  7 deep elf master archers
  Asterion (Snake:3)
  14 tentacled starspawn
  Polyphemus (Shoals:1)
  38 acid blobs
  28 Executioners
  8 death cobs
  14 quicksilver dragons
  17 ancient champions
  11 sphinxes
  9 tengu reavers
  17 storm dragons
  Roxanne (Snake:4)
  Donald (Vaults:4)
  11 shadow dragons
  14 rockslimes
  17 azure jellies
  13 draconian monks
  16 fire giants
  12 daevas
  A fire giant (shapeshifter) (Zig:13)
  Ilsuiw (Shoals:2)
  8 iron dragons
  32 nagarajas
  15 frost giants
  7 deep elf sorcerers
  14 ghost moths
  9 deep elf elementalists
  17 vault wardens
  Aizul (Snake:2)
  10 draconian knights
  4 draconian scorchers
  30 balrugs
  2 warmongers (Pan)
  A caustic shrike zombie (Zig:23)
  22 angels
  10 draconian shifters
  19 orc warlords
  6 emperor scorpions (Zig:21)
  4 draconian annihilators
  23 cacodemons
  4 curse skulls
  5 ghouls (Crypt:2)
  22 ironbound preservers
  A juggernaut zombie (Crypt:3)
  3 draconian stormcallers
  20 war gargoyles
  4 elemental wellsprings
  9 apis (Pan)
  64 very ugly things
  2 spriggan defenders (Depths:3)
  2 blood saints (Pan)
  16 quicksilver oozes
  8 ophanim (Pan)
  13 bennus
  31 stone giants
  53 reapers
  12 lorocyprocas
  32 vampire knights
  17 green draconians
  6 corrupters
  13 deep elf annihilators
  10 deep elf demonologists
  14 white draconians
  5 black suns
  4 spark wasps
  Azrael (Orc:2)
  13 black draconians
  9 entropy weavers (Zig:21)
  15 yellow draconians
  The ghost of kae the Severer, a journeyman HOFi of Makhleb (D:11)
  3 dire elephants
  11 red draconians
  The ghost of emiel the Spear-Bearer, a journeyman MiWn of Gozag (D:11)
  8 purple draconians
  5 eidola
  20 blizzard demons
  A crystal guardian (Vaults:2)
  7 merfolk javelineers
  Josephine (D:15)
  Snorg (Lair:6)
  The ghost of ma3 the Spear-Bearer, a journeyman HuSu of Elyvilon (Lair:2)
  12 green deaths
  32 mummy priests
  30 jiangshi
  11 deep elf death magi
  31 great orbs of eyes
  19 deep elf high priests
  A kraken zombie (Coc:6)
  18 yaktaur captains
  9 fire dragons
  13 merfolk impalers
  10 quicksilver dragon zombies
  15 ettins
  30 ice dragons
  7 quicksilver dragon skeletons
  Harold (D:11)
  23 naga warriors
  The ghost of Philosophunculist the Blocker, a journeyman DjFE of Gozag (D:11)
  9 rakshasas
  33 vault guards
  9 boulder beetles
  A peacekeeper (Vaults:2)
  An ogre mage (Zig:22)
  6 ironbound thunderhulks
  6 monstrous demonspawn
  12 anacondas
  3 catoblepae
  7 salamander tyrants
  4 spriggan air magi
  16 hydras
  Erica (D:11)
  2 anacondas (shapeshifter)
  5 hell beasts
  2 merfolk avatars (Shoals:4)
  A ghost crab (Tar:3)
  An alligator snapping turtle (Shoals:4)
  42 dancing weapons
  9 ironbound frosthearts
  6 merfolk aquamancers
  23 centaur warriors
  6 two-headed ogres
  A satyr (Shoals:3)
  A death knight (Crypt:2)
  10 death yaks
  7 deep troll shamans
  6 titan zombies
  8 thrashing horrors
  88 death scarabs
  20 hell hogs
  3 ironbound beastmasters
  14 vampire magi
  21 naga sharpshooters
  8 deep troll earth magi
  9 tengu warriors
  5 spriggan berserkers
  Urug (Orc:2)
  4 shock serpents (shapeshifter)
  42 hell knights
  24 orc high priests
  Nergalle (D:12)
  80 skeletal warriors
  5 storm dragon zombies
  3 titan skeletons
  39 sun demons
  27 shock serpents
  20 deep elf knights
  26 iron trolls
  12 wretched stars
  36 soul eaters
  2 spriggans (Depths:3)
  10 salamander mystics
  5 spatial maelstroms
  6 iron golems (Dis:7)
  19 sixfirhies
  9 shadow wraiths
  12 sea snakes
  12 flayed ghosts
  An iron troll (shapeshifter) (Zig:13)
  8 storm dragon skeletons
  6 anaconda zombies
  14 cherubim (Pan)
  2 golden dragon zombies
  A spriggan druid (Zig:10)
  30 shadow demons
  5 torturous demonspawn (Pan)
  18 naga ritualists
  3 ghost moth zombies
  64 deep trolls
  A spark wasp zombie (Crypt:3)
  10 glowing orange brains
  An obsidian statue (Zot:5)
  6 infernal demonspawn (Pan)
  8 lindwurms
  3 deep trolls (shapeshifter) (Vaults:5)
  5 gelid demonspawn
  A glowing orange brain (shapeshifter) (Zig:22)
  A swamp dragon (shapeshifter) (Zig:22)
  10 necromancers
  20 starcursed masses
  8 orange crystal statues
  19 deep elf archers
  18 wizards
  9 anaconda skeletons
  6 shadow dragon zombies
  43 phantasmal warriors
  9 bog bodies
  5 golden dragon skeletons
  55 deep elf pyromancers
  3 wolf spider zombies
  31 ironbound convokers
  41 deep elf zephyrmancers
  26 harpies
  12 orc knights
  5 stone giant zombies
  13 mana vipers
  4 iron dragon zombies
  2 mana vipers (shapeshifter)
  56 ugly things
  5 orb spiders (Zig:21)
  2 shadow dragon skeletons
  13 shining eyes
  25 orc sorcerers
  7 oklob plants
  9 frost giant zombies
  11 cyclopes
  15 manticores
  13 fire giant zombies
  17 fauns
  3 wolf spiders (Zig:21)
  A wolf spider (shapeshifter) (Vaults:4)
  28 salamanders
  A spriggan zombie (Zig:26)
  7 worldbinders
  8 iron dragon skeletons
  A shining eye (shapeshifter) (Vaults:5)
  13 guardian serpents
  45 moths of wrath
  10 merfolk sirens
  A cyclops (shapeshifter) (Zig:13)
  33 vault sentinels
  9 stone giant skeletons
  13 elephants
  5 fire giant skeletons
  6 frost giant skeletons
  38 naga magi
  2 apocalypse crabs (Zig:13)
  47 black mambas
  6 water nymphs
  10 ice statues
  Joseph (D:10)
  A shock serpent zombie (Coc:6)
  12 molten gargoyles
  3 dire elephant zombies
  3 eyes of devastation
  24 rust devils
  A water nymph (shapeshifter) (Depths:4)
  A torpor snail (shapeshifter) (Vaults:5)
  24 orange demons
  45 smoke demons
  3 dire elephant skeletons
  3 gargoyles
  4 unseen horrors
  A komodo dragon (shapeshifter) (Vaults:5)
  19 cane toads
  6 rime drakes
  3 emperor scorpion zombies
  2 shock serpent skeletons
  A purple draconian zombie (Crypt:3)
  15 demonic crawlers
  26 hellions
  A black draconian zombie (Geh:2)
  A rime drake (shapeshifter) (D:14)
  An iron troll zombie (Crypt:1)
  8 torpor snails
  A grey draconian zombie (Crypt:2)
  26 tormentors
  10 spectral swamp worms (Tar:7)
  28 freezing wraiths
  25 ice devils
  A kobold demonologist (Abyss:2)
  24 yaktaurs
  3 tengu conjurers
  An anaconda simulacrum (Coc:7)
  11 efreet
  12 komodo dragons
  76 guardian mummies
  9 hydra zombies
  10 hellwings
  4 elf skeletons (Zig:26)
  2 harpy zombies
  A sea snake skeleton (Hell)
  5 jumping spiders (Zig:21)
  3 red draconian skeletons
  3 human skeletons
  13 ancient zymes
  A white draconian skeleton (Crypt:3)
  6 wind drakes
  39 red devils
  A jumping spider (shapeshifter) (Vaults:5)
  12 trolls
  11 hornets
  11 polar bears (Lair:6)
  36 merfolk
  Grinder (D:3)
  A wolf spider simulacrum (Hell)
  8 tyrant leeches
  7 hydra skeletons
  A snapping turtle (shapeshifter) (Zig:13)
  2 alligator zombies
  A harpy skeleton (D:15)
  2 dream sheep (shapeshifter)
  An iron dragon simulacrum (Tomb:3)
  11 ice dragon zombies
  13 raiju
  6 snapping turtles
  17 blink frogs
  6 fire dragon zombies
  9 dream sheep
  7 ettin zombies
  4 fire dragon skeletons
  81 slime creatures
  A guardian serpent zombie (Crypt:2)
  13 air elementals
  A spriggan (shapeshifter) (Abyss:3)
  89 flying skulls
  A frost giant simulacrum (Tomb:1)
  3 black mamba zombies
  3 ice dragon skeletons
  2 centaur simulacra (D:14)
  11 shadows
  43 wraiths
  4 ettin skeletons
  A wind drake zombie (Crypt:2)
  37 ynoxinuls
  9 redbacks (Zig:21)
  5 wyverns
  An alligator skeleton (Coc:6)
  A vampire (D:12)
  38 water elementals
  22 ushabtiu
  21 fire elementals
  53 yaks
  2 black mamba skeletons
  6 tarantellas (Zig:21)
  A yak (shapeshifter) (Zig:22)
  Eustachio (D:3)
  3 golden eyes (Slime:5)
  9 basilisks
  34 chaos spawn
  25 neqoxecs
  2 steam dragons
  5 vampire mosquitoes
  Menkaure (D:5)
  62 large abominations
  13 wargs
  3 swamp worms (shapeshifter)
  41 nagas
  A spatial vortex (Abyss:3)
  2 acid dragons
  A water moccasin (shapeshifter) (Vaults:4)
  26 water moccasins
  4 cane toad zombies
  A hydra simulacrum (Hell)
  A torturous demonspawn skeleton (Crypt:1)
  3 floating eyes
  58 hell hounds
  A sky beast (Abyss:2)
  A floating eye (shapeshifter) (Zig:22)
  11 black bears (Lair:6)
  17 ice beasts
  5 snapping turtle zombies
  15 ogres
  3 cane toad skeletons
  23 necrophages
  62 orc warriors
  5 snapping turtle skeletons
  A manticore zombie (Coc:6)
  5 boggarts
  2 manticore skeletons
  25 wolves
  15 centaurs
  A swamp dragon skeleton (Tar:3)
  10 phantoms
  A yaktaur zombie (Crypt:2)
  A kobold brigand (D:7)
  An octopode zombie (Crypt:2)
  2 human zombies
  8 bullfrogs
  5 earth elementals
  6 elf zombies
  2 glowing shapeshifter simulacra
  2 gnoll sergeants
  A scorpion (D:5)
  A wyvern skeleton (D:6)
  A wyvern zombie (D:9)
  21 small abominations
  A warg zombie (Crypt:3)
  73 wights
  2 spectral wolves (Crypt:2)
  A yak skeleton (Crypt:1)
  12 howler monkeys
  4 electric eels
  A polar bear skeleton (Crypt:3)
  9 crimson imps
  5 centaur zombies
  2 bullfrog zombies
  5 quasits
  5 hounds
  9 jellies
  20 orc priests
  2 centaur skeletons
  4 gnoll shamans
  34 iron imps
  A bullfrog skeleton (Crypt:2)
  Ijyb (D:4)
  A scorpion zombie (Crypt:2)
  Terence (D:2)
  3 hell rats
  7 iguanas
  33 orc wizards
  A killer bee zombie (D:7)
  A naga skeleton (Geh:5)
  2 tengu zombies
  A tengu skeleton (Hell)
  A hound zombie (D:5)
  91 mummies
  3 howler monkey zombies
  36 gnolls
  17 adders
  5 river rats
  10 shadow imps
  26 white imps
  4 ufetubi
  A halfling zombie (Crypt:2)
  An iguana skeleton (Crypt:3)
  5 worms
  3 dart slugs
  104 orcs
  7 ball pythons
  9 bats
  12 endoplasms
  10 giant cockroaches
  32 goblins
  26 hobgoblins
  4 jackals (Sewer)
  8 quokkas
  14 frilled lizards
  A goblin zombie (Crypt:2)
  3 kobolds
  An orc zombie (Geh:7)
  A quokka skeleton (Crypt:3)
  12 rats
  85 blocks of ice
  A butterfly (D:6)
  A fire vortex (Pan)
  A lurking horror (Abyss:2)
  4 starspawn tentacles
  3 tentacles (Coc:6)
5816 creatures vanquished.

Vanquished Creatures (others)
  A flying skull (Coc:7)
  A vampire mosquito (D:11)
  A snapping turtle zombie (Coc:7)
  An orc wizard (D:11)
  571 blocks of ice
  43 fungi
  A lurking horror (Abyss:1)
  131 plants
  16 starspawn tentacles
  A tentacle (Coc:6)
  6 withered plants
773 creatures vanquished.

Grand Total: 6589 creatures vanquished

Notes
Turn   | Place    | Note
-------+----------+-------------------------------------------
     0 | D:1      | melvinkitnick the Gnoll Earth Elementalist began the quest
                  | for the Orb.
     0 | D:1      | Reached XP level 1. HP: 13/13 MP: 6/6
   262 | D:1      | Reached XP level 2. HP: 19/19 MP: 5/7
   327 | D:1      | Learned a level 2 spell: Passwall
   789 | D:1      | Reached XP level 3. HP: 25/25 MP: 9/9
   841 | D:1      | Reached skill level 5 in Spellcasting
  1423 | D:2      | Reached skill level 1 in Invocations
  1449 | D:2      | Learned a level 3 spell: Stone Arrow
  1500 | D:2      | Reached skill level 1 in Fighting
  1500 | D:2      | Reached skill level 1 in Short Blades
  1500 | D:2      | Reached skill level 1 in Long Blades
  1500 | D:2      | Reached skill level 1 in Axes
  1500 | D:2      | Reached skill level 1 in Maces & Flails
  1500 | D:2      | Reached skill level 1 in Polearms
  1500 | D:2      | Reached skill level 1 in Staves
  1500 | D:2      | Reached skill level 1 in Slings
  1500 | D:2      | Reached skill level 1 in Bows
  1500 | D:2      | Reached skill level 1 in Crossbows
  1500 | D:2      | Reached skill level 1 in Throwing
  1500 | D:2      | Reached skill level 1 in Armour
  1500 | D:2      | Reached skill level 1 in Shields
  1500 | D:2      | Reached skill level 1 in Unarmed Combat
  1500 | D:2      | Reached skill level 1 in Evocations
  1535 | D:2      | Noticed Terence
  1546 | D:2      | Killed Terence
  1547 | D:2      | Reached XP level 4. HP: 21/32 MP: 2/11
  1655 | D:2      | Reached skill level 1 in Conjurations
  1655 | D:2      | Reached skill level 1 in Hexes
  1655 | D:2      | Reached skill level 1 in Summonings
  1655 | D:2      | Reached skill level 1 in Necromancy
  1655 | D:2      | Reached skill level 1 in Translocations
  1655 | D:2      | Reached skill level 1 in Fire Magic
  1655 | D:2      | Reached skill level 1 in Ice Magic
  1655 | D:2      | Reached skill level 1 in Air Magic
  1655 | D:2      | Reached skill level 1 in Poison Magic
  2672 | D:3      | Reached XP level 5. HP: 27/37 MP: 5/12
  2954 | D:2      | Learned a level 5 spell: Lee's Rapid Deconstruction
  3061 | D:3      | Found a faded altar of an unknown god.
  3571 | D:3      | Noticed Grinder
  3574 | D:3      | Paralysed by Grinder for 4 turns
  3578 | D:3      | Killed Grinder
  3579 | D:3      | Reached skill level 5 in Dodging
  3579 | D:3      | Reached XP level 6. HP: 23/44 MP: 5/14
  4375 | D:3      | Reached XP level 7. HP: 45/47 MP: 12/15
  4588 | D:4      | Noticed Eustachio
  4599 | D:3      | Killed Eustachio
  4607 | D:4      | Reached skill level 5 in Stealth
  4630 | D:4      | Noticed Ijyb
  4734 | D:4      | Found a hide-covered altar of Uskayaw.
  4770 | D:4      | Reached XP level 8. HP: 51/57 MP: 11/16
  4949 | D:4      | Found a glowing drain.
  4953 | Sewer    | Entered a sewer
  6073 | D:4      | Killed Ijyb
  6613 | D:5      | Entered Level 5 of the Dungeon
  6938 | D:5      | Noticed Menkaure
  6941 | D:5      | Killed Menkaure
  7239 | D:5      | Reached XP level 9. HP: 65/65 MP: 11/18
  7843 | D:6      | Found a radiant altar of Vehumet.
  7843 | D:6      | Found a shimmering blue altar of Sif Muna.
  7843 | D:6      | Found an opulent altar of Gozag.
  7851 | D:5      | Learned a level 4 spell: Petrify
  8055 | D:6      | Found a staircase to the Ecumenical Temple.
  8065 | Temple   | Entered the Ecumenical Temple
  8505 | D:6      | Found a sparkling altar of Nemelex Xobeh.
  8505 | D:6      | Found a snail-covered altar of Cheibriados.
  8514 | D:6      | Found a burning altar of Makhleb.
  8741 | D:6      | Became a worshipper of Cheibriados the Contemplative
  9568 | D:7      | Found Esucw's Antique Weapon Emporium.
  9756 | D:7      | Reached skill level 5 in Invocations
  9918 | D:7      | Noticed a troll
 10576 | D:7      | Killed a troll
 10577 | D:7      | Reached XP level 10. HP: 73/73 MP: 10/20
 10658 | D:7      | Reached * piety under Cheibriados
 10888 | D:7      | Reached skill level 5 in Fighting
 10888 | D:7      | Reached skill level 5 in Short Blades
 10888 | D:7      | Reached skill level 5 in Long Blades
 10888 | D:7      | Reached skill level 5 in Axes
 10888 | D:7      | Reached skill level 5 in Maces & Flails
 10888 | D:7      | Reached skill level 5 in Polearms
 10888 | D:7      | Reached skill level 5 in Staves
 10888 | D:7      | Reached skill level 5 in Slings
 10888 | D:7      | Reached skill level 5 in Bows
 10888 | D:7      | Reached skill level 5 in Crossbows
 10888 | D:7      | Reached skill level 5 in Throwing
 10888 | D:7      | Reached skill level 5 in Armour
 10888 | D:7      | Reached skill level 5 in Shields
 10888 | D:7      | Reached skill level 5 in Unarmed Combat
 10888 | D:7      | Reached skill level 5 in Evocations
 11179 | D:8      | Found a glowing golden altar of the Shining One.
 11473 | D:8      | Found a flagged portal.
 11479 | D:8      | Reached ** piety under Cheibriados
 11493 | Bailey   | Entered a bailey
 11983 | Bailey   | Noticed an orc knight
 12057 | Bailey   | Killed an orc knight
 12057 | Bailey   | Reached *** piety under Cheibriados
 12058 | Bailey   | Reached skill level 5 in Transmutations
 12065 | Bailey   | Noticed an orc knight
 12074 | Bailey   | Killed an orc knight
 12321 | Bailey   | Noticed an orc knight
 12333 | Bailey   | Killed an orc knight
 12644 | Bailey   | Noticed an orc warlord
 12660 | Bailey   | Reached **** piety under Cheibriados
 12690 | Bailey   | Killed an orc warlord
 12691 | Bailey   | Reached skill level 5 in Conjurations
 12691 | Bailey   | Reached skill level 5 in Hexes
 12691 | Bailey   | Reached skill level 5 in Summonings
 12691 | Bailey   | Reached skill level 5 in Necromancy
 12691 | Bailey   | Reached skill level 5 in Translocations
 12691 | Bailey   | Reached skill level 5 in Fire Magic
 12691 | Bailey   | Reached skill level 5 in Ice Magic
 12691 | Bailey   | Reached skill level 5 in Air Magic
 12691 | Bailey   | Reached skill level 5 in Poison Magic
 12691 | Bailey   | Reached XP level 11. HP: 41/81 MP: 1/22
 13432 | D:8      | Found the ring of Shadows {Umbra +Inv Stlth+}
 14037 | D:9      | Noticed a death yak
 14046 | D:9      | Killed a death yak
 14110 | D:9      | Found a staircase to the Lair.
 14111 | D:9      | Noticed a death yak
 14112 | D:9      | Noticed a death yak
 14131 | D:8      | Killed a death yak
 14131 | D:8      | Reached ***** piety under Cheibriados
 14321 | D:9      | Killed a death yak
 14406 | D:9      | Reached XP level 12. HP: 91/91 MP: 24/24
 14407 | D:9      | Reached XP level 13. HP: 98/98 MP: 24/26
 14415 | D:9      | Learned a level 6 spell: Iron Shot
 14415 | D:9      | Identified a scroll of acquirement
 14415 | D:9      | Acquired the ring of the Middle {rPois Str+3 Int+4 Dex+6}
 14622 | D:9      | Found a basalt altar of Yredelemnul.
 15052 | D:10     | Entered Level 10 of the Dungeon
 15513 | D:10     | Noticed Joseph
 15518 | D:10     | Killed Joseph
 16177 | D:10     | Reached XP level 14. HP: 105/105 MP: 2/27
 16821 | Lair:1   | Entered Level 1 of the Lair of Beasts
 16824 | Lair:1   | Reached ****** piety under Cheibriados
 17037 | Lair:1   | Identified the +7 fustibalus of Wyriggan {freeze, Drain rC+
                  | rN+ Dex+6}
 17885 | Lair:2   | Found a runed translucent door.
 18043 | Lair:2   | Noticed ma3's ghost (journeyman HuSu)
 19548 | Lair:2   | Reached skill level 10 in Spellcasting
 19553 | Lair:2   | Killed ma3's ghost
 20331 | Lair:3   | Identified the +9 hunting sling of Duman {flame, rElec
                  | rCorr Str+4}
 20449 | Lair:3   | Reached skill level 10 in Dodging
 21029 | Lair:4   | Found a staircase to the Snake Pit.
 21507 | Lair:4   | Found a staircase to the Shoals.
 22209 | Lair:5   | Reached skill level 10 in Stealth
 22625 | Lair:5   | Reached skill level 10 in Invocations
 23049 | Lair:5   | Found a viscous altar of Jiyva.
 23058 | Lair:5   | Found a staircase to the Slime Pits.
 23751 | Lair:5   | Reached XP level 15. HP: 106/113 MP: 9/29
 24101 | Lair:5   | Identified the ring "Sizag" {rN++ MP+9 Dex+5 Slay-3}
 24133 | Lair:6   | Entered Level 6 of the Lair of Beasts
 24585 | Lair:6   | Identified the +8 falchion of Urgency {vorpal, rF- rC+++
                  | Str+6}
 26137 | Lair:6   | Learned a level 5 spell: Borgnjor's Vile Clutch
 26162 | Lair:6   | Noticed Snorg
 26168 | Lair:6   | Killed Snorg
 26401 | Lair:6   | Found a runed translucent door.
 26407 | Lair:6   | Reached skill level 10 in Earth Magic
 26944 | Lair:6   | Reached skill level 10 in Fighting
 26944 | Lair:6   | Reached skill level 10 in Short Blades
 26944 | Lair:6   | Reached skill level 10 in Long Blades
 26944 | Lair:6   | Reached skill level 10 in Axes
 26944 | Lair:6   | Reached skill level 10 in Maces & Flails
 26944 | Lair:6   | Reached skill level 10 in Polearms
 26944 | Lair:6   | Reached skill level 10 in Staves
 26944 | Lair:6   | Reached skill level 10 in Slings
 26944 | Lair:6   | Reached skill level 10 in Bows
 26944 | Lair:6   | Reached skill level 10 in Crossbows
 26944 | Lair:6   | Reached skill level 10 in Throwing
 26944 | Lair:6   | Reached skill level 10 in Armour
 26944 | Lair:6   | Reached skill level 10 in Shields
 26944 | Lair:6   | Reached skill level 10 in Unarmed Combat
 26944 | Lair:6   | Reached skill level 10 in Evocations
 29026 | D:11     | Found a staircase to the Orcish Mines.
 29251 | D:11     | Found a runed translucent gate.
 29251 | D:11     | Found a runed translucent gate.
 29251 | D:11     | Found a runed translucent gate.
 29254 | D:11     | Noticed Philosophunculist's ghost (journeyman DjFE)
 29254 | D:11     | Noticed emiel's ghost (journeyman MiWn)
 29255 | D:11     | Noticed kae's ghost (journeyman HOFi)
 29463 | D:11     | Learned a level 1 spell: Apportation
 29495 | D:11     | Identified the +7 chain mail of the Orcish Mines {rF- rC+
                  | Stlth+}
 29586 | D:11     | Noticed Erica
 29591 | D:11     | Killed Erica
 29592 | D:11     | Reached XP level 16. HP: 122/122 MP: 7/31
 30105 | D:11     | Noticed Harold
 30108 | D:11     | Killed Harold
 30423 | D:12     | Noticed Nergalle
 30427 | D:12     | Killed Nergalle
 31610 | D:13     | Learned a level 2 spell: Blink
 31794 | D:13     | Acquired a book of Death
 31799 | D:13     | Learned a level 2 spell: Sublimation of Blood
 32855 | D:14     | Found a gate to the Vaults.
 33744 | D:14     | Found a stormy altar of Qazlal.
 33942 | D:15     | Entered Level 15 of the Dungeon
 34027 | D:15     | Noticed Josephine
 34030 | D:15     | Killed Josephine
 34093 | D:15     | Found a frozen archway.
 34105 | IceCv    | Entered an ice cave
 34237 | IceCv    | Reached XP level 17. HP: 127/131 MP: 16/32
 35443 | D:15     | Found a staircase to the Depths.
 35690 | Orc:1    | Entered Level 1 of the Orcish Mines
 35931 | Orc:1    | Found a shimmering blue altar of Sif Muna.
 35946 | Orc:1    | Identified Sif Muna's Guide on the Entourage
 36304 | Orc:2    | Entered Level 2 of the Orcish Mines
 36343 | Orc:2    | Found a staircase to the Elven Halls.
 36442 | Orc:2    | Paralysed by an orc sorcerer for 7 turns
 36510 | Orc:2    | Noticed Saint Roka
 36529 | Orc:2    | Killed Saint Roka
 36703 | Orc:2    | Noticed Urug
 36709 | Orc:2    | Killed Urug
 36710 | Orc:2    | Reached skill level 10 in Transmutations
 36791 | Orc:2    | Found Noazeets's Antique Armour Emporium.
 36831 | Orc:2    | Found Catidid's General Store.
 36839 | Orc:2    | Found Coipi's Antique Weapon Emporium.
 36845 | Orc:2    | Found Jatuhi's Book Emporium.
 36921 | Orc:2    | Bought a scroll of blinking for 127 gold pieces
 37260 | Orc:2    | Noticed Azrael
 37271 | Orc:2    | Killed Azrael
 37973 | Orc:2    | Bought the Tome of Attacks and Earth for 850 gold pieces
 37980 | Orc:2    | Learned a level 6 spell: Statue Form
 38146 | Snake:1  | Entered Level 1 of the Snake Pit
 38170 | Snake:1  | Upgraded the game from 0.27-a0-1189-gb8eb6cee8e to
                  | 0.27-a0-1191-g601b473118
 39147 | Snake:1  | Reached skill level 10 in Conjurations
 39147 | Snake:1  | Reached skill level 10 in Hexes
 39147 | Snake:1  | Reached skill level 10 in Summonings
 39147 | Snake:1  | Reached skill level 10 in Necromancy
 39147 | Snake:1  | Reached skill level 10 in Translocations
 39147 | Snake:1  | Reached skill level 10 in Fire Magic
 39147 | Snake:1  | Reached skill level 10 in Ice Magic
 39147 | Snake:1  | Reached skill level 10 in Air Magic
 39147 | Snake:1  | Reached skill level 10 in Poison Magic
 40056 | Snake:2  | Reached XP level 18. HP: 128/139 MP: 10/34
 40228 | Snake:2  | Identified the +7 scale mail "Nemulot" {rF+ rN+}
 40856 | Snake:3  | Noticed Aizul
 40861 | Snake:3  | Noticed Asterion
 40867 | Snake:2  | Killed Aizul
 41166 | Shoals:1 | Entered Level 1 of the Shoals
 41400 | Shoals:1 | Noticed Nikola
 41416 | Shoals:1 | Killed Nikola
 41793 | Shoals:2 | Noticed Polyphemus
 41827 | Shoals:1 | Killed Polyphemus
 41953 | Shoals:2 | Identified the +6 falchion of the Peculiar Places {elec,
                  | Drain rElec rN++ Will+}
 42301 | Shoals:2 | Noticed Ilsuiw
 42364 | Shoals:2 | Killed Ilsuiw
 43787 | Shoals:3 | Found Veidin's Island Escapes.
 43830 | Shoals:3 | Reached XP level 19. HP: 147/147 MP: 31/36
 44237 | Shoals:3 | Bought a scroll of blinking for 105 gold pieces
 44255 | Shoals:4 | Entered Level 4 of the Shoals
 45332 | Shoals:4 | Got a barnacled rune of Zot
 45715 | Shoals:4 | Identified the +0 arbalest of the Everdark {speed, Int+2}
 46218 | D:11     | Killed Philosophunculist's ghost
 46230 | D:11     | Killed kae's ghost
 46236 | D:11     | Killed emiel's ghost
 46500 | Snake:3  | Killed Asterion
 46826 | Snake:3  | Found a transporter.
 46830 | Snake:3  | Noticed Qeeliam's ghost (adept TrBe)
 46832 | Snake:3  | Found a one-way gate to the infinite horrors of the Abyss.
 46887 | Snake:3  | Found a transporter.
 47327 | Snake:4  | Entered Level 4 of the Snake Pit
 47352 | Snake:4  | Identified Roxanne's Almanac of the Rocks
 47352 | Snake:4  | Noticed Roxanne
 47356 | Snake:4  | Killed Roxanne
 47731 | Snake:4  | Found an ancient bone altar of Kikubaaqudgha.
 47761 | Snake:4  | Reached XP level 20. HP: 156/156 MP: 21/37
 48909 | Snake:4  | Got a serpentine rune of Zot
 49194 | Vaults:1 | Entered Level 1 of the Vaults
 50751 | Vaults:2 | Reached XP level 21. HP: 163/163 MP: 29/39
 50873 | Vaults:2 | Found Obaox's Jewellery Emporium.
 51033 | Vaults:2 | Found Nyrias's Antique Weapon Shop.
 51064 | Vaults:2 | Found Vimm's Weapon Shoppe.
 51416 | Vaults:2 | Found Amman's Antique Armour Shop.
 51496 | Vaults:2 | Found Buqe's Assorted Antiques.
 51503 | Vaults:2 | Bought a metal-bound book for 750 gold pieces
 52059 | Vaults:2 | Reached skill level 15 in Invocations
 52196 | Vaults:2 | Acquired a book of the Warp
 52205 | Vaults:2 | Learned a level 6 spell: Dispersal
 52212 | Vaults:2 | Learned a level 5 spell: Manifold Assault
 52717 | Vaults:3 | Noticed Xtahua
 52720 | Vaults:3 | Killed Xtahua
 53371 | Vaults:3 | Reached XP level 22. HP: 172/172 MP: 25/40
 53524 | Vaults:3 | Reached skill level 15 in Spellcasting
 53612 | Vaults:3 | Found a staircase to the Crypt.
 53897 | Vaults:3 | Identified the +2 chain mail of Happy Babbling {rN++ Will+}
 54387 | Vaults:4 | Noticed Donald
 54393 | Vaults:4 | Killed Donald
 54394 | Vaults:4 | Reached skill level 15 in Dodging
 54872 | Vaults:4 | Reached skill level 15 in Stealth
 56227 | Vaults:4 | Learned a level 8 spell: Ignition
 56273 | Vaults:3 | Noticed Mara
 56277 | Vaults:3 | Killed Mara
 56356 | Crypt:1  | Entered Level 1 of the Crypt
 56406 | Crypt:1  | Reached XP level 23. HP: 177/180 MP: 23/42
 56513 | Crypt:1  | Paralysed by a vampire knight for 5 turns
 57130 | Crypt:1  | Reached skill level 15 in Fighting
 57130 | Crypt:1  | Reached skill level 15 in Short Blades
 57130 | Crypt:1  | Reached skill level 15 in Long Blades
 57130 | Crypt:1  | Reached skill level 15 in Axes
 57130 | Crypt:1  | Reached skill level 15 in Maces & Flails
 57130 | Crypt:1  | Reached skill level 15 in Polearms
 57130 | Crypt:1  | Reached skill level 15 in Staves
 57130 | Crypt:1  | Reached skill level 15 in Slings
 57130 | Crypt:1  | Reached skill level 15 in Bows
 57130 | Crypt:1  | Reached skill level 15 in Crossbows
 57130 | Crypt:1  | Reached skill level 15 in Throwing
 57130 | Crypt:1  | Reached skill level 15 in Armour
 57130 | Crypt:1  | Reached skill level 15 in Shields
 57130 | Crypt:1  | Reached skill level 15 in Unarmed Combat
 57130 | Crypt:1  | Reached skill level 15 in Evocations
 58251 | Crypt:2  | Identified the amulet "Zeshroj" {Spirit rC+ Dex-5 Stlth+}
 58291 | Crypt:2  | Noticed Jory
 58295 | Crypt:2  | Killed Jory
 58402 | Crypt:2  | Found a basalt altar of Yredelemnul.
 58905 | Crypt:3  | Entered Level 3 of the Crypt
 59139 | Crypt:3  | Reached XP level 24. HP: 166/189 MP: 8/43
 59385 | Crypt:3  | Found a staircase to the Tomb.
 59710 | Crypt:3  | Found a basalt altar of Yredelemnul.
 59794 | Crypt:3  | Identified the Reference Book on Dark Rituals
 60923 | Elf:1    | Entered Level 1 of the Elven Halls
 61146 | Elf:1    | Found Gepuunekh's General Store.
 61220 | Elf:1    | Found Upnajitt's Assorted Antiques.
 61229 | Elf:1    | Found Assuof's Armour Shop.
 61234 | Elf:1    | Found a shimmering blue altar of Sif Muna.
 61282 | Elf:1    | Found Rutudiph's Magic Scroll Emporium.
 61571 | Elf:1    | Found Asiusux's Jewellery Boutique.
 61571 | Elf:1    | Found Falu's Book Shoppe.
 61572 | Elf:1    | Found Enittaru's Book Shoppe.
 61584 | Elf:1    | Bought the amulet "Miwune" {RegenMP rN++ rCorr Int+4 Dex-3}
                  | for 662 gold pieces
 61810 | Elf:1    | Identified the +2 robe of Decompression {-Cast Will++}
 61896 | Elf:1    | Found Plog's Magic Scroll Shoppe.
 61904 | Elf:1    | Bought a scroll of magic mapping for 45 gold pieces
 61904 | Elf:1    | Bought a scroll of magic mapping for 45 gold pieces
 61904 | Elf:1    | Bought a scroll of enchant armour for 97 gold pieces
 61904 | Elf:1    | Bought a scroll of enchant armour for 97 gold pieces
 61904 | Elf:1    | Bought a scroll of enchant armour for 97 gold pieces
 61996 | Elf:2    | melvinkitnick: gtg ! thx for watching :)
 61996 | Elf:2    | Upgraded the game from 0.27-a0-1191-g601b473118 to
                  | 0.27-a0-1193-g8631133539
 62183 | Elf:2    | Found a runed translucent gate.
 62183 | Elf:2    | Found a runed translucent gate.
 62183 | Elf:2    | Found a runed translucent gate.
 62248 | Elf:2    | Found Obighiok's Assorted Antiques.
 62364 | Elf:2    | Identified the +11 long sword "Disimuu" {distort, rPois
                  | Str+4 Int+4 Dex-3}
 63040 | Elf:3    | Entered Level 3 of the Elven Halls
 63081 | Elf:3    | Found a flickering gateway to a bazaar.
 63090 | Bazaar   | Entered a bazaar
 63106 | Bazaar   | Found Tisutouck's Distillery.
 63107 | Bazaar   | Found Pitzefua's Magic Scroll Shoppe.
 63152 | Bazaar   | Found Byhots's Antique Weapon Emporium.
 63153 | Bazaar   | Found Ofeustix's Jewellery Emporium.
 63211 | Bazaar   | Bought a scroll of magic mapping for 38 gold pieces
 63211 | Bazaar   | Bought a scroll of enchant armour for 82 gold pieces
 63211 | Bazaar   | Bought a scroll of amnesia for 38 gold pieces
 63746 | Elf:3    | Reached XP level 25. HP: 193/196 MP: 25/43
 64202 | Elf:3    | Identified the +1 chain mail of Doywk {rN+ Int+4 Dex-4}
 64211 | Elf:3    | Identified the +8 short sword "Arbiter" {vorpal, rPois}
 64293 | Elf:3    | Identified the Tome of Fire and Earth
 64301 | Elf:3    | Identified the ring "Woasune" {rC+ Str+7 Dex+4}
 64306 | Elf:3    | Found the +3 pair of gauntlets of War {Slay+5}
 64320 | Elf:3    | Identified the +9 dagger of Departure {flame, rElec rPois
                  | rC-}
 64321 | Elf:3    | Identified the ring of the Ancients {EV+4 Int+4}
 64322 | Elf:3    | Identified the +8 short sword "Jubrato" {vorpal, *Noise
                  | +Rage rN+ Int+2}
 64325 | Elf:3    | Identified the +0 robe of the Jabberwock {rPois Stlth+}
 64328 | Elf:3    | Identified the +3 scimitar of the Inferno {holy, Int+7}
 64355 | Elf:3    | Identified the +6 flail of Fupudyel {speed, rPois rN+}
 64356 | Elf:3    | Identified the +2 robe "Toingyga" {Str+3 Dex+3}
 64655 | Depths:1 | Entered Level 1 of the Depths
 64680 | Depths:1 | Found a shimmering altar of Xom.
 65727 | Depths:1 | Noticed an ancient lich
 65731 | Depths:1 | Killed an ancient lich
 65895 | Depths:1 | Found the +6 shillelagh "Devastator" {shatter}
 66176 | Depths:1 | Found a gateway to Hell.
 66320 | Depths:2 | Found Lep Imom's Antique Weapon Emporium.
 66701 | Depths:2 | Noticed a juggernaut
 66713 | Depths:2 | Killed a juggernaut
 66810 | Depths:2 | Reached skill level 15 in Earth Magic
 67289 | Depths:3 | Found Cifothrua's Jewellery Boutique.
 67306 | Depths:3 | Found Wydomeus's Assorted Antiques.
 67354 | Depths:3 | Found a flickering gateway to a bazaar.
 67357 | Bazaar   | Entered a bazaar
 67363 | Bazaar   | Found Yboclum's Book Shop.
 67363 | Bazaar   | Found Helumpekh's Jewellery Boutique.
 67530 | Depths:3 | Found a runed translucent door.
 67531 | Depths:3 | Found a shimmering altar of Xom.
 67531 | Depths:3 | Noticed Noycuaf's ghost (veteran TeCj)
 67555 | Depths:3 | Found Ilyde's Magic Scroll Shoppe.
 67591 | Depths:3 | Found Emoybodgh's Magic Scroll Boutique.
 67599 | Depths:3 | Reached XP level 26. HP: 186/206 MP: 22/44
 67881 | Depths:3 | Acquired the +0 pair of boots "Ujug Xurr" {*Slow Fly Int+7}
 68100 | Depths:3 | Acquired the +5 pair of gloves of Atheism {rF++ Will+ Dex-2
                  | Slay+3}
 68122 | Depths:3 | Found an opulent altar of Gozag.
 68362 | Depths:3 | Found a one-way gate leading to the halls of Pandemonium.
 69805 | Depths:5 | Entered Level 5 of the Depths
 69823 | Depths:5 | Found a shadowy altar of Dithmenos.
 69899 | Depths:5 | Found a portal to a secret trove of treasure.
 70102 | Depths:5 | Noticed Margery
 70112 | Depths:5 | Killed Margery
 70288 | Depths:5 | Reached XP level 27. HP: 214/214 MP: 21/44
 70330 | Depths:5 | Found a gate to the Realm of Zot.
 70429 | Depths:5 | Found a gateway to a ziggurat.
 70489 | Depths:5 | Reached skill level 15 in Transmutations
 70562 | Depths:5 | Noticed Mennas
 70593 | Depths:5 | Killed Mennas
 72653 | Depths:5 | You paid a toll of a +7 demon trident to enter a treasure
                  | trove
 72654 | Trove    | Entered a treasure trove
 72665 | Trove    | Identified the ring of Tigg {rF+ EV+4 Stlth+}
 72668 | Trove    | Identified the ring of Spontaneous Combustion {rN+++ Will-
                  | AC+4 Dex-2 Slay+6}
 72672 | Trove    | Identified the amulet "Fubb" {Acrobat Contam Str+3 Dex+3}
 72681 | Trove    | Identified the amulet "Qiommol" {RegenMP Fly Str+6 Slay+5}
 73065 | Slime:1  | Entered Level 1 of the Pits of Slime
 73127 | Slime:3  | Gained mutation: You do not regenerate when monsters are
                  | visible. [a shining eye]
 73173 | Slime:3  | Reached skill level 15 in Conjurations
 73173 | Slime:3  | Reached skill level 15 in Hexes
 73173 | Slime:3  | Reached skill level 15 in Summonings
 73173 | Slime:3  | Reached skill level 15 in Necromancy
 73173 | Slime:3  | Reached skill level 15 in Translocations
 73173 | Slime:3  | Reached skill level 15 in Fire Magic
 73173 | Slime:3  | Reached skill level 15 in Ice Magic
 73173 | Slime:3  | Reached skill level 15 in Air Magic
 73173 | Slime:3  | Reached skill level 15 in Poison Magic
 73182 | Slime:3  | Gained mutation: You are clumsy. (Dex -2) [a shining eye]
 73539 | Slime:5  | Entered Level 5 of the Pits of Slime
 73743 | Slime:5  | Noticed the Royal Jelly
 74068 | Slime:5  | Killed the Royal Jelly
 74407 | Slime:5  | Identified the +0 pair of boots "Dizylaraud" {Regen+ SInv}
 74461 | Slime:5  | Learned a level 7 spell: Ozocubu's Refrigeration
 74476 | Slime:5  | Got a slimy rune of Zot
 74509 | Slime:5  | Identified the +7 mace of Wuajiag {flame, rN+ rCorr Str-3}
 74576 | Lair:5   | Lost mutation: You do not regenerate when monsters are
                  | visible. [potion of mutation]
 74576 | Lair:5   | Gained mutation: Your muscles are strong. (Str +2) [potion
                  | of mutation]
 75432 | Orc:2    | Bought a Necronomicon for 1656 gold pieces
 75442 | Orc:2    | Learned a level 9 spell: Death's Door
 75458 | Orc:2    | Bought a slimy flail for 161 gold pieces
 75458 | Orc:2    | Identified the +8 flail "Lyaska" {drain, rPois Dex+4} (You
                  | bought it in a shop on level 2 of the Orcish Mines)
 75458 | Orc:2    | Bought a translucent short sword for 152 gold pieces
 75458 | Orc:2    | Identified the +4 short sword of the Pure Nightcaps
                  | {freeze, rElec} (You bought it in a shop on level 2 of the
                  | Orcish Mines)
 75458 | Orc:2    | Bought an ancient falchion for 152 gold pieces
 75458 | Orc:2    | Identified the +10 falchion "Yfargh" {vorpal, Int+2 Stlth+}
                  | (You bought it in a shop on level 2 of the Orcish Mines)
 75692 | Vaults:5 | Entered Level 5 of the Vaults
 75695 | Vaults:5 | Noticed an ancient lich
 75701 | Vaults:5 | Killed an ancient lich
 75702 | Vaults:5 | Noticed a dread lich
 75707 | Vaults:5 | Killed a dread lich
 75719 | Vaults:5 | Noticed an ancient lich
 75726 | Vaults:5 | Killed an ancient lich
 75984 | Vaults:5 | Identified the amulet "Solourum" {RegenMP rC- Regen+ rCorr
                  | Dex+8}
 77021 | Vaults:5 | Got a silver rune of Zot
 77772 | Snake:3  | Killed Qeeliam's ghost
 78302 | Depths:3 | Killed Noycuaf's ghost
 78613 | Elf:2    | Bought a papyrus book for 435 gold pieces
 78613 | Elf:2    | Bought a scroll of enchant armour for 217 gold pieces
 78667 | Elf:1    | Bought a book of Annihilations for 1987 gold pieces
 78677 | Elf:1    | Learned a level 9 spell: Absolute Zero
 78739 | Elf:1    | Bought a scroll of blinking for 127 gold pieces
 78739 | Elf:1    | Bought a scroll of blinking for 127 gold pieces
 79065 | Zot:1    | Entered Level 1 of the Realm of Zot
 79273 | Zot:1    | Upgraded the game from 0.27-a0-1193-g8631133539 to
                  | 0.27-a0-1196-g3e9cee4cb2
 80412 | Zot:2    | Learned a level 5 spell: Irradiate
 81749 | Zot:3    | You are sucked into a shaft and drop 1 floor!
 81893 | Zot:3    | Learned a level 7 spell: Orb of Destruction
 81962 | Zot:3    | Acquired 1144 gold pieces
 82872 | Zot:5    | Entered Level 5 of the Realm of Zot
 83537 | Zot:5    | Noticed a dread lich
 83548 | Zot:5    | Killed a dread lich
 83549 | Zot:5    | Noticed an orb of fire
 83550 | Zot:5    | Noticed an orb of fire
 83550 | Zot:5    | Noticed an orb of fire
 83550 | Zot:5    | Noticed an orb of fire
 83550 | Zot:5    | Noticed an orb of fire
 83551 | Zot:5    | Noticed an orb of fire
 83554 | Zot:5    | Noticed an ancient lich
 83555 | Zot:5    | Killed an orb of fire
 83556 | Zot:5    | Killed an orb of fire
 83557 | Zot:5    | Killed an orb of fire
 83558 | Zot:5    | Killed an orb of fire
 83558 | Zot:5    | Noticed an orb of fire
 83559 | Zot:5    | Killed an orb of fire
 83564 | Zot:5    | Killed an orb of fire
 83565 | Zot:5    | Killed an ancient lich
 83566 | Zot:5    | Killed an orb of fire
 83568 | Zot:5    | Noticed a dread lich
 83570 | Zot:5    | Killed a dread lich
 84213 | Depths:3 | Bought a scroll of magic mapping for 52 gold pieces
 84434 | Vaults:2 | Bought a scroll of blinking for 375 gold pieces
 84434 | Vaults:2 | Bought a scroll of magic mapping for 175 gold pieces
 84696 | Elf:1    | Bought a scroll of acquirement for 1664 gold pieces
 84696 | Elf:1    | Acquired a +0 tower shield of positive energy
 85447 | Vaults:2 | Bought a masterwork hand axe for 128 gold pieces
 85447 | Vaults:2 | Identified the +1 hand axe of Togops {vorpal, rPois rF-
                  | rN+} (You bought it in a shop on level 2 of the Vaults)
 85447 | Vaults:2 | Bought a blackened dagger for 112 gold pieces
 85447 | Vaults:2 | Identified the +2 dagger of the Lumpy Nightcaps {drain, rN+
                  | Str+4} (You bought it in a shop on level 2 of the Vaults)
 85447 | Vaults:2 | Bought a steaming long sword for 136 gold pieces
 85447 | Vaults:2 | Identified the +9 long sword of Cheibriados's Grace {holy,
                  | rC+} (You bought it in a shop on level 2 of the Vaults)
 85704 | Elf:2    | Bought an ebony rapier for 261 gold pieces
 85704 | Elf:2    | Identified the +9 rapier of Risk Management {pain, *Slow
                  | +Blink Str+3 Int+7} (You bought it in a shop on level 2 of
                  | the Elven Halls)
 85941 | Depths:1 | Voluntarily entered the Abyss.
 86479 | Abyss:1  | Found a corrupted altar of Lugonu.
 86714 | Abyss:1  | Found a corrupted altar of Lugonu.
 86975 | Abyss:2  | Found a bloodstained altar of Trog.
 87021 | Abyss:2  | Found a corrupted altar of Lugonu.
 87212 | Abyss:2  | Found a corrupted altar of Lugonu.
 88629 | Abyss:3  | Got an abyssal rune of Zot
 88656 | Depths:1 | Escaped the Abyss
 88767 | Pan      | Entered Pandemonium
 88803 | Pan      | Gained mutation: Your magical capacity is low. (-10% MP) [a
                  | cacodemon]
 89134 | Pan      | Noticed Qihow the pandemonium lord
 89137 | Pan      | Killed Qihow the pandemonium lord
 89374 | Pan      | Found a runed translucent door.
 89405 | Pan      | Got a demonic rune of Zot
 89416 | Pan      | Entered the realm of Mnoleg.
 89534 | Pan      | Gained mutation: Your spells are a little easier to cast,
                  | but a little less powerful. [a neqoxec]
 89785 | Pan      | Noticed Mnoleg
 89791 | Pan      | Killed Mnoleg
 89807 | Pan      | Got a glowing rune of Zot
 89933 | Pan      | Entered the realm of Gloorx Vloq.
 90003 | Pan      | Found an exit through the horrors of the Abyss.
 90270 | Pan      | Noticed Gloorx Vloq
 90279 | Pan      | Killed Gloorx Vloq
 90390 | Pan      | Got a dark rune of Zot
 90855 | Pan      | Noticed Guysmott the pandemonium lord
 90857 | Pan      | Killed Guysmott the pandemonium lord
 91013 | Pan      | Noticed Addareso the pandemonium lord
 91016 | Pan      | Killed Addareso the pandemonium lord
 91145 | Pan      | Identified the +3 hunting sling of the Howling Viper
                  | {speed, rPois Stlth+}
 91147 | Pan      | Entered the realm of Cerebov.
 91150 | Pan      | Found an exit through the horrors of the Abyss.
 91229 | Pan      | Identified the +7 great mace of a Gauntlet {vorpal, Will+
                  | Int+4}
 91230 | Pan      | Found the +6 sword of Cerebov {flame}
 91230 | Pan      | Noticed Cerebov
 91240 | Pan      | Killed Cerebov
 91342 | Pan      | Identified the +4 glaive of Reason {protect, *Noise Int+7}
 91377 | Pan      | Identified the +7 plate armour "Plog" {rC+}
 91396 | Pan      | Got a fiery rune of Zot
 91447 | Pan      | Identified the +4 mace of Punishment {freeze, rN+++}
 91475 | Pan      | Identified the +5 dagger of Disarray {distort, rPois}
 91522 | Pan      | Learned a level 8 spell: Necromutation
 91712 | Pan      | Found an exit through the horrors of the Abyss.
 91717 | Pan      | Identified the ring of Leid {rC+ Slay+4}
 91877 | Pan      | Identified the +6 longbow of Haimme {vorpal, Int+2}
 92189 | Pan      | Noticed Mabbuyze the pandemonium lord
 92193 | Pan      | Killed Mabbuyze the pandemonium lord
 92315 | Pan      | Noticed Ypufeaf the pandemonium lord
 92318 | Pan      | Killed Ypufeaf the pandemonium lord
 92436 | Pan      | Acquired 565 gold pieces
 92443 | Pan      | Acquired 1074 gold pieces
 92783 | Pan      | Found an exit through the horrors of the Abyss.
 92959 | Pan      | Gained mutation: Your spells are easier to cast, but less
                  | powerful. [a cacodemon]
 93030 | Pan      | Noticed Satheuch the pandemonium lord
 93031 | Pan      | Killed Satheuch the pandemonium lord
 93501 | Pan      | Identified the +14 plate armour "Begucuq" {Will+ Dex+6}
 93502 | Pan      | Noticed a seraph
 93507 | Pan      | Killed a seraph
 93601 | Pan      | Found a glowing golden altar of the Shining One.
 93616 | Pan      | Identified the ring of Jiyded {rC+ Slay+3}
 93624 | Pan      | Identified the +5 war axe of Douplu Fuigo {speed, rN+ rCorr
                  | SInv}
 93676 | Pan      | Lost mutation: Your magical capacity is low. (-10% MP)
                  | [potion of mutation]
 93676 | Pan      | Lost mutation: Your spells are easier to cast, but less
                  | powerful. [potion of mutation]
 93677 | Pan      | Lost mutation: Your muscles are strong. (Str +2) [potion of
                  | mutation]
 93677 | Pan      | Lost mutation: You are clumsy. (Dex -2) [potion of
                  | mutation]
 93677 | Pan      | Lost mutation: Your spells are a little easier to cast, but
                  | a little less powerful. [potion of mutation]
 93677 | Pan      | Gained mutation: You are partially covered in iridescent
                  | scales. (AC +2) [potion of mutation]
 93677 | Pan      | Gained mutation: You are partially covered in large bone
                  | plates. (SH +4) [potion of mutation]
 93836 | Pan      | Found a glowing silver altar of Zin.
 93955 | Pan      | Learned a level 9 spell: Shatter
 94310 | Pan      | Entered the realm of Lom Lobon.
 94613 | Pan      | Noticed Lom Lobon
 94616 | Pan      | Killed Lom Lobon
 94637 | Pan      | Got a magical rune of Zot
 94745 | Pan      | Found an exit through the horrors of the Abyss.
 94750 | Pan      | Took an exit into the Abyss.
 94750 | Abyss:1  | Escaped into the Abyss
 94750 | Abyss:1  | Found a corrupted altar of Lugonu.
 94830 | Depths:3 | Escaped the Abyss
 94893 | Depths:2 | Bought a smoking falchion for 296 gold pieces
 94893 | Depths:2 | Identified the +11 falchion of Insomnia {speed, rElec} (You
                  | bought it in a shop on level 2 of the Depths)
 95155 | Elf:1    | Bought a manual of Evocations for 1987 gold pieces
 95437 | Hell     | Entered the Vestibule of Hell
 95437 | Hell     | Noticed Geryon
 95443 | Hell     | Killed Geryon
 95879 | Hell     | Found a gateway to the Iron City of Dis.
 95956 | Hell     | Found a gateway to the freezing wastes of Cocytus.
 96010 | Hell     | Found a gateway to the decaying netherworld of Tartarus.
 96220 | Hell     | Found a gateway to the ashen valley of Gehenna.
 96233 | Geh:1    | Entered Level 1 of Gehenna
 97126 | Geh:6    | You are sucked into a shaft and drop 1 floor!
 97126 | Geh:7    | Entered Level 7 of Gehenna
 97176 | Geh:7    | Noticed the Serpent of Hell
 97181 | Geh:7    | Killed the Serpent of Hell
 97191 | Geh:7    | Identified the +1 pair of gloves of a ziggurat {rPois}
 97454 | Geh:7    | Identified the +1 storm dragon scales of Ytixatsi {rElec
                  | Will- Str+4 Slay+2 Stlth+}
 97595 | Geh:7    | Found the +7 sceptre of Asmodeus
 97595 | Geh:7    | Noticed Asmodeus
 97596 | Geh:7    | Killed Asmodeus
 97652 | Geh:7    | Found the +4 skin of Zhor {*Englaciate rC+++ SInv}
 97672 | Geh:7    | Identified Joofrin's Collected Works on the Icy Oath
 97677 | Geh:7    | Identified the +1 scale mail "Dyolud" {rN+ Str-3 Dex+2
                  | Slay+2}
 97692 | Geh:7    | Identified the +2 robe of Painted Intercession {rElec rF+
                  | Will- Dex+10}
 97716 | Geh:7    | Identified the +0 chain mail "Etewn" {Rampage}
 97718 | Geh:7    | Identified the +1 leather armour of the Desert {+Blink
                  | rPois Int+3}
 97734 | Geh:7    | Got an obsidian rune of Zot
 97865 | Dis:1    | Entered Level 1 of the Iron City of Dis
 98231 | Dis:5    | You are sucked into a shaft and drop 1 floor!
 98235 | Dis:7    | Entered Level 7 of the Iron City of Dis
 99018 | Dis:7    | Identified the Catalogue of Fetching Moulding
 99021 | Dis:7    | Gained mutation: Your body sometimes deteriorates upon
                  | taking damage. [a cacodemon]
 99043 | Dis:7    | Found the +4 staff of Dispater
 99043 | Dis:7    | Noticed Dispater
 99045 | Dis:7    | Killed Dispater
 99101 | Dis:7    | Got an iron rune of Zot
 99172 | Dis:7    | Identified Qyxkakitz's Grimoire of Confrontation
 99205 | Dis:7    | Identified the +1 trident "Hoficrua" {chaos, Fly rF++ rC-}
 99206 | Dis:7    | Identified the +3 mace "Dufrun" {pain, +Rage rC- rN+
                  | Stlth+}
 99321 | Coc:1    | Entered Level 1 of Cocytus
 99805 | Coc:6    | Reached skill level 27 in Short Blades
 99805 | Coc:6    | Reached skill level 27 in Polearms
 99869 | Coc:7    | Entered Level 7 of Cocytus
100136 | Coc:7    | Identified the amulet of Contention {Reflect Str+6 Int-3
                  | SH+5}
100400 | Coc:7    | Identified the +9 falchion "Bissis" {elec, Str+2 Int+4
                  | Dex+2}
100400 | Coc:7    | Noticed Antaeus
100403 | Coc:7    | Killed Antaeus
100452 | Coc:7    | Got an icy rune of Zot
100457 | Coc:7    | Identified Sif Muna's Disquisition on the Congealing Rocks
100509 | Tar:1    | Entered Level 1 of Tartarus
100704 | Tar:2    | You are sucked into a shaft and drop 1 floor!
101576 | Tar:7    | Entered Level 7 of Tartarus
102056 | Tar:7    | Noticed Ereshkigal
102058 | Tar:7    | Killed Ereshkigal
102116 | Tar:7    | Identified the +5 kite shield of the True Pharaoh {Int+6
                  | Stlth-}
102121 | Tar:7    | Got a bone rune of Zot
102126 | Tar:7    | Identified the ring of Yfaydgh {rF- rN+ MP+9 Str+3}
102128 | Tar:7    | Identified the +7 plate armour of Shadows and Fog {Str+3
                  | Int+4 SInv}
102600 | Tomb:1   | Entered Level 1 of the Tomb of the Ancients
103063 | Tomb:1   | Noticed a royal mummy
103065 | Tomb:1   | Killed a royal mummy
103075 | Tomb:1   | Noticed a royal mummy
103078 | Tomb:1   | Killed a royal mummy
103835 | Tomb:1   | Noticed a royal mummy
103839 | Tomb:1   | Killed a royal mummy
103840 | Tomb:1   | Noticed a royal mummy
103843 | Tomb:1   | Killed a royal mummy
103844 | Tomb:1   | Noticed a royal mummy
103845 | Tomb:1   | Killed a royal mummy
103849 | Tomb:1   | Noticed a royal mummy
103849 | Tomb:1   | Noticed a royal mummy
103852 | Tomb:1   | Killed a royal mummy
103853 | Tomb:1   | Killed a royal mummy
103857 | Tomb:1   | Noticed a royal mummy
103860 | Tomb:1   | Killed a royal mummy
103923 | Tomb:1   | Noticed a royal mummy
103925 | Tomb:1   | Killed a royal mummy
103954 | Tomb:1   | Noticed a royal mummy
103960 | Tomb:1   | Killed a royal mummy
103962 | Tomb:1   | Noticed a royal mummy
103963 | Tomb:1   | Killed a royal mummy
103964 | Tomb:1   | Noticed a royal mummy
103965 | Tomb:1   | Killed a royal mummy
104037 | Tomb:1   | Noticed a royal mummy
104039 | Tomb:1   | Killed a royal mummy
104070 | Tomb:1   | Noticed a royal mummy
104072 | Tomb:1   | Noticed a royal mummy
104073 | Tomb:1   | Noticed a royal mummy
104076 | Tomb:1   | Killed a royal mummy
104076 | Tomb:1   | Killed a royal mummy
104076 | Tomb:1   | Noticed a royal mummy
104076 | Tomb:1   | Noticed a royal mummy
104078 | Tomb:1   | Noticed a royal mummy
104080 | Tomb:1   | Killed a royal mummy
104084 | Tomb:1   | Killed a royal mummy
104098 | Tomb:1   | Killed a royal mummy
104111 | Tomb:1   | Killed a royal mummy
104287 | Tomb:1   | Noticed a royal mummy
104288 | Tomb:1   | Killed a royal mummy
104289 | Tomb:1   | Noticed a royal mummy
104290 | Tomb:1   | Noticed a royal mummy
104290 | Tomb:1   | Noticed a royal mummy
104291 | Tomb:1   | Killed a royal mummy
104294 | Tomb:1   | Killed a royal mummy
104294 | Tomb:1   | Noticed a royal mummy
104295 | Tomb:1   | Killed a royal mummy
104296 | Tomb:1   | Noticed a royal mummy
104296 | Tomb:1   | Noticed a royal mummy
104299 | Tomb:1   | Killed a royal mummy
104300 | Tomb:1   | Noticed a royal mummy
104326 | Tomb:1   | Killed a royal mummy
104334 | Tomb:1   | Noticed a royal mummy
104336 | Tomb:1   | Killed a royal mummy
104339 | Tomb:1   | Killed a royal mummy
104339 | Tomb:1   | Killed a royal mummy
104594 | Tomb:2   | Noticed a royal mummy
104601 | Tomb:2   | Killed a royal mummy
104603 | Tomb:2   | Noticed a royal mummy
104603 | Tomb:2   | Noticed a royal mummy
104603 | Tomb:2   | Noticed a royal mummy
104606 | Tomb:2   | Killed a royal mummy
104606 | Tomb:2   | Killed a royal mummy
104607 | Tomb:2   | Killed a royal mummy
105053 | Tomb:2   | Acquired a manual of Summonings
105393 | Tomb:3   | Entered Level 3 of the Tomb of the Ancients
105517 | Tomb:3   | Reached skill level 27 in Evocations
105517 | Tomb:3   | Noticed a royal mummy
105517 | Tomb:3   | Noticed Boris
105517 | Tomb:3   | Noticed a royal mummy
105518 | Tomb:3   | Noticed a royal mummy
105518 | Tomb:3   | Noticed a royal mummy
105518 | Tomb:3   | Noticed a royal mummy
105519 | Tomb:3   | Killed Boris
105519 | Tomb:3   | Killed a royal mummy
105519 | Tomb:3   | Killed a royal mummy
105520 | Tomb:3   | Killed a royal mummy
105520 | Tomb:3   | Killed a royal mummy
105521 | Tomb:3   | Noticed a royal mummy
105522 | Tomb:3   | Noticed a royal mummy
105522 | Tomb:3   | Noticed a royal mummy
105528 | Tomb:3   | Killed a royal mummy
105585 | Tomb:3   | Noticed a royal mummy
105587 | Tomb:3   | Killed a royal mummy
105588 | Tomb:3   | Killed a royal mummy
105589 | Tomb:3   | Killed a royal mummy
105595 | Tomb:3   | Killed a royal mummy
105653 | Tomb:3   | Got a golden rune of Zot
105713 | Tomb:3   | Identified a ring "Nielolon" {rF+ rN+}
105720 | Tomb:3   | Identified the +6 glaive "Mabruf" {vorpal, rElec Will+
                  | Str+3}
105737 | Tomb:3   | Identified the +3 ring mail of the Lost Suns {Rampage
                  | rElec}
105748 | Tomb:3   | Identified the +1 ring mail of Bicza {rPois Stlth+}
105749 | Tomb:3   | Identified the +3 leather armour "Forget-Me-Not" {Harm rF+
                  | Str-4 Stlth+}
105751 | Tomb:3   | Identified a ring of the Present {rF+ Str+3 Int+5}
105786 | Tomb:3   | Identified the -2 buckler of Duck's Teeth {rCorr}
105787 | Tomb:3   | Identified the +3 ring mail of Ydgharote {Contam rF- Str+6}
105886 | Tomb:3   | Identified the +3 morningstar of Mayhem {protect, Int+3
                  | Dex+4}
106489 | Depths:5 | Learned a level 6 spell: Invisibility
106499 | Depths:5 | Learned a level 8 spell: Borgnjor's Revivification
106500 | Zig:1    | Entered Level 1 of a ziggurat
106500 | Zig:1    | Noticed Aklixan the pandemonium lord
106502 | Zig:1    | Killed Aklixan the pandemonium lord
106527 | Zig:2    | Entered Level 2 of a ziggurat
106560 | Zig:3    | Entered Level 3 of a ziggurat
106730 | Zig:4    | Entered Level 4 of a ziggurat
106786 | Zig:5    | Entered Level 5 of a ziggurat
106838 | Zig:6    | Entered Level 6 of a ziggurat
106853 | Zig:6    | Identified the +3 broad axe "Plog" {elec, rPois rF+ Int-2}
106867 | Zig:6    | Identified the +9 arbalest "Dragonslayer" {elec, rElec
                  | Str+5 Int+3}
106874 | Zig:7    | Entered Level 7 of a ziggurat
106895 | Zig:7    | Identified the +6 short sword "Neosiluc" {drain, rElec rF+}
106914 | Zig:8    | Entered Level 8 of a ziggurat
106939 | Zig:8    | Identified the -2 cloak "Qulea" {Regen+ Stlth+}
106940 | Zig:8    | Identified the amulet "Olihei Deiph" {RegenMP Harm Drain
                  | Stlth+}
106946 | Zig:9    | Entered Level 9 of a ziggurat
106949 | Zig:9    | Noticed an ancient lich
106949 | Zig:9    | Noticed a dread lich
106949 | Zig:9    | Noticed an ancient lich
106951 | Zig:9    | Paralysed by a dread lich for 3 turns
106958 | Zig:9    | Killed an ancient lich
106959 | Zig:9    | Killed a dread lich
106960 | Zig:9    | Killed an ancient lich
107054 | Zig:10   | Entered Level 10 of a ziggurat
107100 | Zig:10   | Identified the +2 leather armour of the Sky {rF+ Dex+7}
107107 | Zig:10   | Identified Niesoz's Collected Works on Captivating
                  | Translocation
107109 | Zig:10   | Identified the Disquisition on Toxic Slavery
107120 | Zig:11   | Entered Level 11 of a ziggurat
107136 | Zig:11   | Noticed Wotoried the pandemonium lord
107136 | Zig:11   | Killed Wotoried the pandemonium lord
107145 | Zig:11   | Reached skill level 27 in Invocations
107275 | Zig:12   | Entered Level 12 of a ziggurat
107291 | Zig:12   | Reached skill level 27 in Long Blades
107335 | Zig:12   | Identified the ring "Wanethrur" {Str+4 Int+4 Slay-5 SInv
                  | Stlth+}
107338 | Zig:12   | Identified the +6 mace "Pygurim" {flame, rC+}
107342 | Zig:13   | Entered Level 13 of a ziggurat
107356 | Zig:13   | Noticed Plog the pandemonium lord
107363 | Zig:13   | Killed Plog the pandemonium lord
107414 | Zig:13   | Found the +8 autumn katana {vorpal, Clar}
107424 | Zig:13   | Identified the Grimoire of Fiery Transmigration
107462 | Zig:14   | Entered Level 14 of a ziggurat
107512 | Zig:14   | Identified the +1 ring mail of Muttered Phrases {Str+4}
107516 | Zig:14   | Identified the +3 buckler of the Devil {Harm *Corrode rElec
                  | SInv}
107519 | Zig:14   | Identified the +2 mace "Wibuorio" {drain, *Noise Will++
                  | Dex+5}
107528 | Zig:14   | Identified the ring of Tuuvox {*Slow rPois rC+++ rN+
                  | Slay-2}
107569 | Zig:15   | Entered Level 15 of a ziggurat
107732 | Zig:16   | Entered Level 16 of a ziggurat
107796 | Zig:16   | Identified the +1 leather armour of Loss {rPois Will+}
107843 | Zig:17   | Entered Level 17 of a ziggurat
108066 | Zig:17   | Identified Sif Muna's Grimoire of Toxic Earth
108075 | Zig:17   | Identified the ring of the Hero {rN+ MP+9 Str+4}
108078 | Zig:17   | Identified the amulet of Ipsom {Spirit rPois rN+ Str+5}
108088 | Zig:17   | Identified the +7 chain mail "Idghijuen" {Int+4 Dex+3}
108096 | Zig:18   | Entered Level 18 of a ziggurat
108125 | Zig:18   | Reached skill level 27 in Armour
108142 | Zig:18   | Identified the Almanac of the Frigorific Rocks
108144 | Zig:19   | Entered Level 19 of a ziggurat
108194 | Zig:19   | Gained mutation: Your magical capacity is low. (-10% MP) [a
                  | cacodemon]
108412 | Zig:19   | Identified Focsao's Handbook of Supportive Changing
108425 | Zig:19   | Identified the ring "Fenine" {*Corrode rPois Str+9}
108432 | Zig:19   | Identified the +4 quarterstaff "Demonbane" {vorpal, Contam
                  | rF+ Dex+4}
108475 | Zig:20   | Entered Level 20 of a ziggurat
108488 | Zig:20   | Noticed a juggernaut
108490 | Zig:20   | Killed a juggernaut
108496 | Zig:20   | Noticed a juggernaut
108502 | Zig:20   | Killed a juggernaut
108503 | Zig:20   | Reached skill level 27 in Shields
108674 | Zig:20   | Found the ring of the Mage {Wiz Will++ Int+3}
108678 | Zig:20   | Identified the +0 robe of the Game Afoot {*Slow Will+++
                  | Stlth+}
108679 | Zig:20   | Identified the +11 shortbow of Dounof {freeze, rElec rN+++
                  | Str-2 Int-4}
108684 | Zig:20   | Identified the +9 falchion of Wozxett {vorpal, Dex+4}
108685 | Zig:20   | Identified the +6 war axe "Plog" {vorpal, +Blink Int+6
                  | Dex+2}
108691 | Zig:21   | Entered Level 21 of a ziggurat
108875 | Zig:21   | Identified the +2 pair of gloves "Zuosh" {rPois}
108877 | Zig:21   | Identified the +9 shortbow "Utiorr" {freeze, rElec Str+3
                  | Stlth-}
108880 | Zig:21   | Identified the ring "Wan Kum" {Fly rC- rN+++ Will- Slay+5}
108881 | Zig:21   | Identified the +0 rapier of Siepporph {protect, Fragile
                  | Str+6}
108887 | Zig:21   | Identified the ring of Democracy {Ice Drain rPois Str+6}
108936 | Zig:22   | Entered Level 22 of a ziggurat
108949 | Zig:22   | Noticed an ancient lich
108950 | Zig:22   | Noticed a dread lich
108951 | Zig:22   | Killed an ancient lich
108951 | Zig:22   | Noticed a dread lich
108956 | Zig:22   | Noticed a dread lich
108958 | Zig:22   | Killed a dread lich
108958 | Zig:22   | Killed a dread lich
108959 | Zig:22   | Killed a dread lich
108961 | Zig:22   | Noticed a dread lich
108963 | Zig:22   | Noticed a dread lich
108964 | Zig:22   | Noticed a dread lich
108965 | Zig:22   | Killed a dread lich
108965 | Zig:22   | Noticed a dread lich
108967 | Zig:22   | Killed a dread lich
108968 | Zig:22   | Killed a dread lich
108970 | Zig:22   | Killed a dread lich
109118 | Zig:22   | Identified the ring "Munwed" {Ice rPois Str+4}
109119 | Zig:22   | Identified Horr's Reference Book on the Ashen Escort
109128 | Zig:22   | Identified the ring "Elatiesm" {rPois rN++ Dex+4}
109132 | Zig:22   | Reached skill level 27 in Spellcasting
109143 | Zig:22   | Learned a level 8 spell: Infestation
109156 | Zig:23   | Entered Level 23 of a ziggurat
109165 | Zig:23   | Noticed a royal mummy
109167 | Zig:23   | Noticed a royal mummy
109170 | Zig:23   | Noticed a royal mummy
109170 | Zig:23   | Noticed a royal mummy
109172 | Zig:23   | Killed a royal mummy
109172 | Zig:23   | Killed a royal mummy
109173 | Zig:23   | Reached skill level 27 in Dodging
109175 | Zig:23   | Noticed a royal mummy
109176 | Zig:23   | Noticed a royal mummy
109177 | Zig:23   | Killed a royal mummy
109177 | Zig:23   | Killed a royal mummy
109178 | Zig:23   | Reached skill level 27 in Stealth
109180 | Zig:23   | Noticed a royal mummy
109181 | Zig:23   | Noticed a royal mummy
109181 | Zig:23   | Noticed a royal mummy
109181 | Zig:23   | Noticed a royal mummy
109182 | Zig:23   | Noticed a royal mummy
109183 | Zig:23   | Noticed a royal mummy
109183 | Zig:23   | Noticed a royal mummy
109183 | Zig:23   | Noticed a royal mummy
109185 | Zig:24   | Entered Level 24 of a ziggurat
109263 | Zig:24   | Reached skill level 27 in Fighting
109263 | Zig:24   | Reached skill level 27 in Axes
109263 | Zig:24   | Reached skill level 27 in Maces & Flails
109263 | Zig:24   | Reached skill level 27 in Staves
109263 | Zig:24   | Reached skill level 27 in Slings
109263 | Zig:24   | Reached skill level 27 in Bows
109263 | Zig:24   | Reached skill level 27 in Crossbows
109263 | Zig:24   | Reached skill level 27 in Throwing
109263 | Zig:24   | Reached skill level 27 in Unarmed Combat
109442 | Zig:24   | Identified the ring of the First Beds {rF+ rN+ Int-5 Dex+2}
109443 | Zig:24   | Identified the +5 war axe of the Warrior-Mage {vorpal, rN+}
109446 | Zig:24   | Identified the ring of Zaoghux {rC- Will+ AC+4 Str+5}
109448 | Zig:24   | Identified the +5 mace of Ommogira {holy, Drain rN++ Str+4
                  | Stlth+}
109457 | Zig:24   | Identified the Volume of Transmutation and the Mountains
109463 | Zig:25   | Entered Level 25 of a ziggurat
109471 | Zig:25   | Noticed a juggernaut
109474 | Zig:25   | Killed a juggernaut
109486 | Zig:25   | Noticed a juggernaut
109489 | Zig:25   | Killed a juggernaut
109489 | Zig:25   | Noticed a juggernaut
109493 | Zig:25   | Killed a juggernaut
109530 | Zig:25   | Noticed a juggernaut
109533 | Zig:25   | Killed a juggernaut
109550 | Zig:25   | Noticed a juggernaut
109552 | Zig:25   | Killed a juggernaut
109575 | Zig:25   | Noticed a juggernaut
109578 | Zig:25   | Killed a juggernaut
109698 | Zig:25   | Noticed a juggernaut
109704 | Zig:25   | Killed a juggernaut
109889 | Zig:25   | Found the amulet of the Air {Inacc Fly rElec EV+5 RMsl}
109892 | Zig:25   | Identified the ring "Gyeha" {Fire Int+4}
109893 | Zig:25   | Identified Xuri's Disquisition on Mutagenic Air
109895 | Zig:25   | Identified the +10 battleaxe of Xeytohi {spect, Int-5
                  | Dex+5}
109898 | Zig:25   | Identified the +3 morningstar of Instant Death {vamp, rF+
                  | Dex+5}
109903 | Zig:25   | Identified the Reference Book on Ensnaring Sinister Magic
109905 | Zig:25   | Identified the Papyrus of Unstable Transformation
109957 | Zig:26   | Entered Level 26 of a ziggurat
109982 | Zig:26   | Noticed a royal mummy
109987 | Zig:26   | Killed a royal mummy
110031 | Zig:26   | Noticed a royal mummy
110037 | Zig:26   | Killed a royal mummy
110043 | Zig:26   | Noticed a royal mummy
110044 | Zig:26   | Noticed a royal mummy
110046 | Zig:26   | Noticed a royal mummy
110046 | Zig:26   | Noticed a royal mummy
110046 | Zig:26   | Noticed a royal mummy
110046 | Zig:26   | Noticed a royal mummy
110048 | Zig:26   | Noticed a royal mummy
110050 | Zig:26   | Noticed a royal mummy
110051 | Zig:26   | Noticed a royal mummy
110051 | Zig:26   | Noticed a royal mummy
110052 | Zig:26   | Killed a royal mummy
110052 | Zig:26   | Killed a royal mummy
110052 | Zig:26   | Noticed a royal mummy
110052 | Zig:26   | Noticed a royal mummy
110053 | Zig:26   | Killed a royal mummy
110053 | Zig:26   | Killed a royal mummy
110053 | Zig:26   | Killed a royal mummy
110053 | Zig:26   | Killed a royal mummy
110053 | Zig:26   | Killed a royal mummy
110053 | Zig:26   | Killed a royal mummy
110054 | Zig:26   | Killed a royal mummy
110054 | Zig:26   | Noticed a royal mummy
110056 | Zig:26   | Killed a royal mummy
110057 | Zig:26   | Killed a royal mummy
110057 | Zig:26   | Killed a royal mummy
110059 | Zig:26   | Killed a royal mummy
110091 | Zig:26   | Identified a ring "Ehoowuos" {rElec rF+ Str-5 Int+8 SInv}
110102 | Zig:26   | Identified the +6 quarterstaff of Agaul {vorpal, *Noise
                  | *Slow rElec rPois}
110103 | Zig:26   | Identified the Collected Works on Dislocated Lightness
110174 | Zig:27   | Entered Level 27 of a ziggurat
110200 | Zig:27   | Reached skill level 27 in Summonings
110677 | Zig:27   | Found the +9 staff of Olgreb {rPois∞}
110679 | Zig:27   | Found the +8 demon blade "Leech" {vamp, *Rage +Rage rN+}
110698 | Zig:27   | Identified the +4 hand axe of True Grit {protect, Stlth+}
110790 | Depths:5 | Learned a level 8 spell: Disjunction
111050 | Zot:5    | Got the Orb of Zot
111434 | D:8      | Gained mutation: You are frail. (-10% HP) [a cacodemon]
111439 | D:8      | Gained mutation: You occasionally shout uncontrollably at
                  | your foes. [a cacodemon]
111443 | D:8      | Gained mutation: You are clumsy. (Dex -2) [a cacodemon]
111454 | D:7      | Lost mutation: You occasionally shout uncontrollably at
                  | your foes. [potion of mutation]
111454 | D:7      | Lost mutation: You are frail. (-10% HP) [potion of
                  | mutation]
111454 | D:7      | Gained mutation: Armour fits poorly on your strangely
                  | shaped body. [potion of mutation]
111455 | D:7      | Lost mutation: Your magical capacity is low. (-10% MP)
                  | [potion of mutation]
111455 | D:7      | Lost mutation: Your body sometimes deteriorates upon taking
                  | damage. [potion of mutation]
111455 | D:7      | Lost mutation: You are partially covered in iridescent
                  | scales. (AC +2) [potion of mutation]
111455 | D:7      | Gained mutation: You have sharp fingernails. [potion of
                  | mutation]
111455 | D:7      | Gained mutation: You passively map a small area around you.
                  | [potion of mutation]
111455 | D:7      | Gained mutation: You are partially covered in iridescent
                  | scales. (AC +2) [potion of mutation]
111455 | D:7      | Gained mutation: You have a pair of small horns on your
                  | head. [potion of mutation]
111456 | D:7      | Lost mutation: You are partially covered in iridescent
                  | scales. (AC +2) [potion of mutation]
111456 | D:7      | Gained mutation: Your spells are a little harder to cast,
                  | but a little more powerful. [potion of mutation]
111456 | D:7      | Gained mutation: You have a pair of horns on your head.
                  | [potion of mutation]
111596 | D:$      | Escaped with the Orb!

Illustrated notes

Levels and vault maps discovered:
D:1:      ebering_hopf_link, layout_basic, minmay_hexomino_f4
D:2:      layout_loops_ring, grunt_decor_junction, st_stairs_13, uniq_terence
D:3:      layout_loops_corners, hellmonk_ecumenical_altar_slurped_away,
          cheibrodos_gnoll_hut, uniq_grinder
D:4:      layout_cave_pools, nicolae_uskayaw_murder_on_the_dancefloor,
          gup_sewer_entry_spiral, uniq_ijyb, uniq_eustachio
D:5:      layout_cave_pools, minmay_misc_feat_plants, uniq_menkaure
D:6:      layout_basic, grunt_temple_overflow_open,
          minmay_temple_entry_butterflies
D:7:      minmay_bubble_buster, layout_loops_corners, serial_shops,
          nicolae_shop_statue_plus
D:8:      layout_loops_corners, tso_metal_star, enter_bailey_5,
          minmay_lizard_king
D:9:      layout_rooms, yredelemnul_altar_generic, dpeg_lair_monsters,
          st_stairs_6
D:10:     layout_roguey, special_room [special_room_orc],
          minmay_fractal_squares_diagonal_5, uniq_joseph
D:11:     minmay_chambers_of_sevens, layout_rooms, orc_0_dummy,
          gammafunk_ghost_cemetery, lemuel_nasty_fountain, uniq_harold,
          uniq_erica
D:12:     layout_cave_pools, serial_column_ruins, column_ruins_hut,
          column_ruins_columns_T, column_ruins_columns_straight,
          column_ruins_grid_1, column_ruins_open_tiny, uniq_nergalle
D:13:     layout_rooms
D:14:     layout_irregular_city, lightli_vaults_fourway_checkpoint,
          hangedman_decor_lopped, hex_large, nicolae_qazlal_scattered_showers
D:15:     grunt_enter_depths_magical_seal, layout_rooms,
          portal_ice_cave_entry_imps, uniq_josephine
Temple:   nicolae_temple_god_jail
Lair:1:   layout_roguey, dpeg_stationary_puzzle, lemuel_fruit_tree
Lair:2:   layout_hall_layers, ebering_ghost_inner_flame,
          grunt_forest_stairs_basic
Lair:3:   layout_gridlike
Lair:4:   layout_small_grid, elwin_shoals_entry_rooms,
          guppyfry_snake_entry_island, minivault_26, st_stairs_9, minivault_27
Lair:5:   layout_loops_ring, slime_altar_1, kennysheep_abandoned_house,
          serial_bayou_shore_a, infiniplex_staircase_pool_2,
          minmay_lair_oklob_chamber
Lair:6:   wormcave, layout_long_grid, hangedman_lair_caniforms_friends,
          uniq_snorg
Shoals:1: layout_shoals, uniq_nikola
Shoals:2: cheibrodos_shoals_baths, layout_shoals, uniq_ilsuiw, uniq_polyphemus
Shoals:3: cheibrodos_shoals_oceanic_diplomacy, layout_shoals,
          nicolae_island_escapes
Shoals:4: shoals_end_grunt_ice, layout_shoals, nicolae_shoals_this_corrosion
Snake:1:  layout_cave_shapes
Snake:2:  nrook_guardian_serpent_snake_passage, layout_misc_corridors
Snake:3:  layout_misc_corridors, gammafunk_ghost_abyssal_escape,
          nicolae_snake_salamander_stairs, uniq_asterion, uniq_aizul
Snake:4:  snake_pit, layout_rooms, lemuel_oklob_altar, uniq_roxanne
Slime:1:  layout_caves, basic_altar
Slime:2:  layout_caves
Slime:3:  layout_caves
Slime:4:  layout_caves
Slime:5
Orc:1:    layout_caves, led_sif_book
Orc:2:    grunt_orc_cross, layout_diamond_mine, uniq_azrael, uniq_urug
Elf:1:    minmay_elf_arrival_circle, layout_loops_cross, basic_altar,
          serial_shops, nicolae_shop_waterfront, nicolae_shop_crystal, shop,
          shop, shop, evilmike_minifort, feat_on_display, minmay_shop_grove
Elf:2:    layout_rooms, serial_shops, shop
Elf:3:    minmay_elf_hall_dome, layout_geoelf_octagon, serial_shops,
          bzr_firewalk
Vaults:1: v_pattern_2, v_misc_5, nicolae_vaults_theta,
          nicolae_vaults_big_angled_halls, v_rooms_4, vaults_room_grid,
          v_misc_10, v_misc_23, vaults_dpeg_cross, vaults_mumra_minichess,
          grunt_vaults_hallway_long, hangedman_vaults_cutoff, vaults_room_pool,
          layout_vaults_ring
Vaults:2: ontoclasm_vaults_tryst, nicolae_vaults_little_squares_1,
          hangedman_vaults_capsules, v_misc_18, hangedman_vaults_slither,
          vaults_room_boxed, nicolae_vaults_rhombus_5,
          nicolae_vaults_network_quinsquares
          [nicolae_vaults_network_quincunx_subvault,
          nicolae_vaults_network_quincunx_subvault,
          nicolae_vaults_network_quincunx_subvault,
          nicolae_vaults_network_quincunx_subvault], v_alt_pattern_5,
          nicolae_vaults_shelves_hall, nicolae_vaults_little_squares_6,
          nicolae_vaults_little_squares_4, layout_vaults_maze, serial_shops,
          shop, shop_fountains, shop_fountains, shop, shop, uniq_saint_roka
Vaults:3: nicolae_vaults_octagons, hangedman_vaults_locks, vaults_room_corners,
          v_misc_27, minmay_crypt_entry_nasty_monster,
          nicolae_vaults_specimen_jars, nicolae_vaults_network_quincunx
          [nicolae_vaults_network_quincunx_subvault,
          nicolae_vaults_network_quincunx_subvault,
          nicolae_vaults_network_quincunx_subvault,
          nicolae_vaults_network_quincunx_subvault,
          nicolae_vaults_network_quincunx_subvault], grunt_vaults_hallway_long,
          dpeg_vaults_monster_row, nicolae_vaults_little_squares_6,
          v_alt_pattern_2, nicolae_vaults_big_angled_halls,
          grunt_vaults_hallway_short, nicolae_vaults_angled_halls,
          layout_vaults_omnibox, uniq_mara, uniq_xtahua
Vaults:4: nicolae_vaults_windows_and_doors_thing, ontoclasm_vaults_spin,
          vaults_mumra_chevron, dpeg_vaults_pockets_of_resistance,
          nicolae_vaults_little_squares_3, ontoclasm_vaults_shuriken, v_rooms_2,
          hangedman_vaults_snaps, nicolae_vaults_three_branches,
          nicolae_vaults_little_squares_6, vaults_room_door_hall,
          nicolae_vaults_rhombus_6, layout_vaults_omnicross, uniq_donald
Vaults:5
Crypt:1:  layout_basic, st_stairs_11
Crypt:2:  lemuel_vampire_tower, layout_misc_corridors
Crypt:3:  church_of_pain_bobbens, layout_chaotic_city,
          nicolae_tomb_entry_rubble_hallway, corexii_hall_statues_x
Tomb:1
Tomb:2
Tomb:3:   uniq_boris
Depths:1: layout_honeycomb, abyss_entry, xom_teletrap_fun,
          grunt_hell_entry_dis_old, nzn_random_ring
Depths:2: kennysheep_big_flooded_room, layout_gridlike, serial_shops, shop,
          hell_entry, minivault_1, minmay_strange_pillars,
          hangedman_stitches_earthworm
Depths:3: cheibrodos_leafed_vault, layout_cave_pools, serial_shops,
          bzr_entry_safe, shop, shop, shop, shop_fountains, ebering_ghost_xom,
          rand_demon_pan_entry_9, hell_entry,
          nicolae_gozag_cash_rules_everything_around_me, kennysheep_inner_square
Depths:4: minmay_box_of_statues, layout_honeycomb, minmay_holes, abyss_entry,
          hell_entry, infiniplex_staircase_x
Depths:5: grunt_zot_entry_tricorne, layout_small_grid, enter_ziggurat_e,
          nicolae_dithmenos_shadow_blocks, special_room [special_room_jelly],
          nicolae_trove_entry_free_sample, hell_entry, uniq_margery, uniq_jory,
          uniq_mennas
Hell
Dis:1:    layout_regular_city, hangedman_dis_decor_blocks_crown
Dis:2:    layout_jigsaw
Dis:3:    layout_gridville
Dis:4:    layout_jigsaw
Dis:5:    layout_subdivisions
Dis:6:    layout_chaotic_city, grunt_megastairs_2
Dis:7:    iron_city_of_dis [dis_grunt, dis_wall_3], layout_chaotic_city
Geh:1:    layout_gehenna_lava_caves
Geh:2:    layout_gehenna_pools_basic
Geh:3:    layout_gehenna_pools_basic
Geh:4:    layout_gehenna_pools_basic
Geh:5:    layout_gehenna_pools_triple
Geh:6:    layout_gehenna_pools_basic, hangedman_elemental_grid_stream
Geh:7:    geh_mu
Coc:1:    layout_cocytus_water_paths
Coc:2:    layout_cocytus_water_paths
Coc:3:    layout_ice_bergs
Coc:4:    layout_cocytus_water_paths
Coc:5:    layout_ice_bergs
Coc:6:    layout_ice_bergs
Coc:7:    coc_grunt
Tar:1:    layout_grid_maze, nicolae_tar_fractal_crypt
Tar:2:    layout_cathedral_of_symmetry
Tar:3:    layout_cathedral_of_symmetry
Tar:4:    layout_cathedral_of_symmetry, grunt_megastairs_5
Tar:5:    layout_honeycomb, grunt_megastairs_1
Tar:6:    layout_honeycomb, lemuel_elevator
Tar:7:    tar_minmay_river
Zot:1:    layout_cathedral_of_symmetry
Zot:2:    layout_onion_interference
Zot:3:    layout_gridville, st_stairs_14, hangedman_zot_spectrum,
          grunt_megastairs_4
Zot:4:    layout_onion_interference
Zot:5:    layout_twisted_circle

Skill      XL: |  1  2  3  4  5  6  7  8  9 10 11 12 13 14 15 16 17 18 19 20 21 22 23 24 25 26 27 |
---------------+----------------------------------------------------------------------------------+-----
Transmutations | 2 3 4 5 6 7 8 9 10 11 12 13 14 25 | 25.2
Spellcasting   | 5 6 7 8 9 10 11 12 13 14 15 16 17 27 | 27.0
Invocations    | 1 2 3 4 5 6 8 9 10 11 12 13 14 15 16 17 18 27 | 27.0
Fighting       | 1 2 3 4 6 7 8 9 10 11 12 13 14 15 16 17 27 | 27.0
Short Blades   | 1 2 3 4 6 7 8 9 10 11 12 13 14 15 16 17 27 | 27.0
Long Blades    | 1 2 3 4 6 7 8 9 10 11 12 13 14 15 16 17 27 | 27.0
Axes           | 1 2 3 4 6 7 8 9 10 11 12 13 14 15 16 17 27 | 27.0
Maces & Flails | 1 2 3 4 6 7 8 9 10 11 12 13 14 15 16 17 27 | 27.0
Polearms       | 1 2 3 4 6 7 8 9 10 11 12 13 14 15 16 17 27 | 27.0
Staves         | 1 2 3 4 6 7 8 9 10 11 12 13 14 15 16 17 27 | 27.0
Slings         | 1 2 3 4 6 7 8 9 10 11 12 13 14 15 16 17 27 | 27.0
Bows           | 1 2 3 4 6 7 8 9 10 11 12 13 14 15 16 17 27 | 27.0
Crossbows      | 1 2 3 4 6 7 8 9 10 11 12 13 14 15 16 17 27 | 27.0
Throwing       | 1 2 3 4 6 7 8 9 10 11 12 13 14 15 16 17 27 | 27.0
Armour         | 1 2 3 4 6 7 8 9 10 11 12 13 14 15 16 17 27 | 27.0
Shields        | 1 2 3 4 6 7 8 9 10 11 12 13 14 15 16 17 27 | 27.0
Unarmed Combat | 1 2 3 4 6 7 8 9 10 11 12 13 14 15 16 17 27 | 27.0
Evocations     | 1 2 3 4 6 7 8 9 10 11 12 13 14 15 16 17 27 | 27.0
Conjurations   | 1 2 3 5 6 7 8 9 10 11 12 13 14 25 | 25.1
Hexes          | 1 2 3 5 6 7 8 9 10 11 12 13 14 25 | 25.1
Summonings     | 1 2 3 5 6 7 8 9 10 11 12 13 14 27 | 27.0
Necromancy     | 1 2 3 5 6 7 8 9 10 11 12 13 14 25 | 25.1
Translocations | 1 2 3 5 6 7 8 9 10 11 12 13 14 25 | 25.1
Fire Magic     | 1 2 3 5 6 7 8 9 10 11 12 13 14 25 | 25.1
Ice Magic      | 1 2 3 5 6 7 8 9 10 11 12 13 14 25 | 25.1
Air Magic      | 1 2 3 5 6 7 8 9 10 11 12 13 14 25 | 25.1
Poison Magic   | 1 2 3 5 6 7 8 9 10 11 12 13 14 25 | 25.1
Dodging        | 5 6 7 8 9 10 11 12 13 14 15 16 17 27 | 27.0
Stealth        | 5 6 7 8 9 10 11 12 13 14 15 16 17 27 | 27.0
Earth Magic    | 6 7 8 9 10 11 12 13 14 15 25 | 25.5

Action                   |  1- 3 |  4- 6 |  7- 9 | 10-12 | 13-15 | 16-18 | 19-21 | 22-24 | 25-27 || total
-------------------------+-------+-------+-------+-------+-------+-------+-------+-------+-------++-------
Melee: Dagger            |     1 |       |       |       |       |       |       |       |       ||     1
       Staff             |    51 |   119 |   105 |   159 |   268 |   199 |    60 |   241 |   110 ||  1312
       Bite              |     1 |     6 |     7 |    18 |    72 |    43 |    12 |    28 |   237 ||   424
       Punch             |       |       |     2 |     2 |    26 |     6 |       |       |       ||    36
       Falchion          |       |       |       |       |       |     3 |       |       |   113 ||   116
       Rapier            |       |       |       |       |       |       |       |       |   463 ||   463
       Eudemon blade     |       |       |       |       |       |       |       |       |   337 ||   337
       Scimitar          |       |       |       |       |       |       |       |       |     8 ||     8
Throw: Dart              |     4 |       |       |    35 |    13 |     3 |       |       |       ||    55
       Throwing net      |       |       |       |     1 |       |       |       |       |       ||     1
       Javelin           |       |       |       |       |       |     1 |       |       |     4 ||     5
 Cast: Sandblast         |    35 |    29 |    39 |    24 |     8 |     4 |       |       |       ||   139
       Stone Arrow       |       |     2 |   137 |   125 |   174 |    34 |     2 |       |       ||   474
       Lee's Rapid Decon |       |       |     3 |     7 |   159 |   203 |   334 |   349 |   829 ||  1884
       Petrify           |       |       |     1 |       |    11 |     3 |     7 |       |       ||    22
       Iron Shot         |       |       |       |       |    73 |   126 |   142 |   197 |   266 ||   804
       Borgnjor's Vile C |       |       |       |       |    12 |   211 |   136 |   141 |    94 ||   594
       Passwall          |       |       |       |       |     2 |     1 |       |     5 |    44 ||    52
       Sublimation of Bl |       |       |       |       |       |   190 |   286 |   361 |  1628 ||  2465
       Apportation       |       |       |       |       |       |    18 |    11 |    11 |    78 ||   118
       Statue Form       |       |       |       |       |       |     4 |     1 |     3 |       ||     8
       Blink             |       |       |       |       |       |       |     4 |       |     2 ||     6
       Manifold Assault  |       |       |       |       |       |       |     3 |    56 |    31 ||    90
       Ignition          |       |       |       |       |       |       |       |     9 |   610 ||   619
       Absolute Zero     |       |       |       |       |       |       |       |       |   703 ||   703
       Ozocubu's Refrige |       |       |       |       |       |       |       |       |   413 ||   413
       Shatter           |       |       |       |       |       |       |       |       |   130 ||   130
       Orb of Destructio |       |       |       |       |       |       |       |       |    99 ||    99
       Necromutation     |       |       |       |       |       |       |       |       |    33 ||    33
       Irradiate         |       |       |       |       |       |       |       |       |    12 ||    12
       Disjunction       |       |       |       |       |       |       |       |       |     5 ||     5
       Borgnjor's Revivi |       |       |       |       |       |       |       |       |     3 ||     3
       Infestation       |       |       |       |       |       |       |       |       |     2 ||     2
       Death's Door      |       |       |       |       |       |       |       |       |     2 ||     2
       Invisibility      |       |       |       |       |       |       |       |       |     1 ||     1
Invok: Slouch            |       |       |       |       |       |     3 |       |       |       ||     3
 Abil: End Transformatio |       |       |       |       |       |     3 |       |     3 |    17 ||    23
Evoke: Wand              |       |       |       |     9 |     3 |    13 |     5 |     4 |    12 ||    46
       Lightning rod     |       |       |       |       |     3 |       |       |       |       ||     3
       Condenser vane    |       |       |       |       |       |     2 |       |       |       ||     2
       Tin of tremorston |       |       |       |       |       |     2 |       |       |       ||     2
       Phantom mirror    |       |       |       |       |       |       |       |       |     2 ||     2
  Use: Scroll            |     3 |     1 |    13 |     3 |    16 |     8 |     5 |    10 |    66 ||   125
       Potion            |       |       |     1 |     3 |       |     1 |       |       |    39 ||    44
 Stab: Sleeping          |     4 |    10 |       |       |     4 |     1 |       |       |    14 ||    33
       Distracted        |       |       |       |       |     1 |       |       |       |    10 ||    11
Armor: Robe              |     6 |    11 |    30 |       |       |       |       |       |       ||    47
       Troll leather arm |       |       |       |    31 |    82 |    43 |    38 |    28 |   215 ||   437
       Skin              |       |       |       |       |       |    25 |    14 |    18 |       ||    57
Dodge: Dodged            |    40 |    65 |   115 |   146 |   414 |   323 |   344 |   212 |   848 ||  2507
Block: Other             |       |     9 |    33 |    53 |    96 |    14 |       |       |       ||   205
       Reflection        |       |       |       |     2 |     2 |    80 |    57 |    23 |    46 ||   210
       Kite shield       |       |       |       |       |       |   362 |   355 |   227 |   909 ||  1853
       Tower shield      |       |       |       |       |       |       |       |       |   608 ||   608
       Rpst.: Falchion   |       |       |       |       |       |     1 |       |       |    10 ||    11
       Eudemon blade     |       |       |       |       |       |       |       |       |    27 ||    27
       Scimitar          |       |       |       |       |       |       |       |       |     6 ||     6

Table legend: (Time is in decaauts)
 A = Elapsed time spent in this place.
 B = Non-inter-level travel time spent in this place.
 C = Inter-level travel time spent in this place.
 D = Time resting spent in this place.
 E = Time spent auto-exploring this place.
 F = Levels seen in this place.
 G = Mean time per level.
                   A        B        C        D        E       F      G
               +--------+--------+--------+--------+--------+-----+--------+
         Total | 165199 | 142516 |  22683 |  22560 |  80337 | 145 | 1139.3 |
       Dungeon |  30943 |  23914 |   7029 |   4510 |  14994 |  15 | 2062.9 |
        Temple |    284 |    275 |      9 |    221 |     39 |   1 |  284.0 |
          Lair |  19192 |  16592 |   2600 |   4216 |  10064 |   6 | 3198.7 |
        Shoals |   7746 |   7153 |    593 |    914 |   4597 |   4 | 1936.5 |
     Snake Pit |   8948 |   7878 |   1070 |   1445 |   5210 |   4 | 2237.0 |
    Slime Pits |   1990 |   1844 |    146 |    712 |    403 |   5 |  398.0 |
  Orcish Mines |   5092 |   3471 |   1621 |    258 |   2605 |   2 | 2546.0 |
   Elven Halls |   6244 |   5018 |   1226 |    610 |   3149 |   3 | 2081.3 |
        Vaults |  16631 |  14140 |   2491 |    610 |  11312 |   5 | 3326.2 |
         Crypt |   6916 |   6265 |    651 |    318 |   4641 |   3 | 2305.3 |
          Tomb |   5339 |   4643 |    696 |    611 |   2175 |   3 | 1779.7 |
        Depths |  13817 |  10596 |   3221 |    977 |   7736 |   5 | 2763.4 |
          Hell |   1149 |    946 |    203 |    111 |    675 |   1 | 1149.0 |
           Dis |   1922 |   1922 |      0 |    446 |      4 |   7 |  274.6 |
       Gehenna |   2159 |   2159 |      0 |    544 |     31 |   7 |  308.4 |
       Cocytus |   1581 |   1581 |      0 |    293 |      0 |   7 |  225.9 |
      Tartarus |   2569 |   2569 |      0 |    355 |      0 |   7 |  367.0 |
           Zot |   9101 |   7980 |   1121 |    499 |   6252 |   5 | 1820.2 |
         Abyss |   4316 |   4316 |      0 |    165 |   2354 |   4 | 1079.0 |
   Pandemonium |   8243 |   8243 |      0 |   1945 |    496 |  18 |  457.9 |
      Ziggurat |   6174 |   6174 |      0 |   1385 |   1872 |  27 |  228.7 |
        Bazaar |    356 |    356 |      0 |      0 |    190 |   2 |  178.0 |
         Trove |     64 |     64 |      0 |      0 |      0 |   1 |   64.0 |
         Sewer |   1204 |   1204 |      0 |    371 |    425 |   1 | 1204.0 |
        Bailey |   1930 |   1930 |      0 |    814 |    439 |   1 | 1930.0 |
      Ice Cave |   1277 |   1277 |      0 |    228 |    672 |   1 | 1277.0 |
               +--------+--------+--------+--------+--------+-----+--------+

Top non-repeatable levels by time:
  Lair:6: 5399 daAuts
Vaults:4: 4248 daAuts
Depths:1: 4063 daAuts
  Lair:5: 3725 daAuts
    D:10: 3573 daAuts
    D:11: 3539 daAuts
Vaults:1: 3343 daAuts
   Orc:2: 3269 daAuts
Vaults:3: 3221 daAuts
  Tomb:1: 3110 daAuts
Vaults:2: 3100 daAuts
  Lair:2: 3007 daAuts
    D:14: 2915 daAuts
 Crypt:3: 2777 daAuts
 Snake:1: 2740 daAuts
